Workbook
Name Auxiliar: #REF!
Name Auxiliar: #REF!
Name Auxiliar: #REF!
Name Auxiliar: #REF!
Name Auxiliar: #REF!
Name Auxiliar: #REF!
Name Auxiliar: #REF!
Name CUSTO_VALE_TRANSPORTE: #REF!
Name CUSTO_VALE_TRANSPORTE: #REF!
Name CUSTO_VALE_TRANSPORTE: #REF!
Name CUSTO_VALE_TRANSPORTE: #REF!
Name CUSTO_VALE_TRANSPORTE: #REF!
Name CUSTO_VALE_TRANSPORTE: #REF!
Name CUSTO_VALE_TRANSPORTE: #REF!
Name ecwece4c: #REF!
Name ecwece4c: #REF!
Name ecwece4c: #REF!
Name ecwece4c: #REF!
Name ecwece4c: #REF!
Name ecwece4c: #REF!
Name ecwece4c: #REF!
Name MOMB4: '[1]SERVENTE MANUTENCAO'!$I$144
Name MONA1: #REF!
Name MONA1: #REF!
Name MONA1: #REF!
Name MONA1: #REF!
Name MONA1: #REF!
Name MONA1: #REF!
Name MONA1: #REF!
Name MONA2: #REF!
Name MONA2: #REF!
Name MONA2: #REF!
Name MONA2: #REF!
Name MONA2: #REF!
Name MONA2: #REF!
Name MONA2: #REF!
Name MONA3: [2]HIDRAULICO!$I$138
Name MONA4: '[2]SERVENTE (AUX PRODUCAO)'!$I$138
Name MONA5: #REF!
Name MONA5: #REF!
Name MONA5: #REF!
Name MONA5: #REF!
Name MONA5: #REF!
Name MONA5: #REF!
Name MONA5: #REF!
Name MONA6: #REF!
Name MONA6: #REF!
Name MONA6: #REF!
Name MONA6: #REF!
Name MONA6: #REF!
Name MONA6: #REF!
Name MONA6: #REF!
Name MONA7: #REF!
Name MONA7: #REF!
Name MONA7: #REF!
Name MONA7: #REF!
Name MONA7: #REF!
Name MONA7: #REF!
Name MONA7: #REF!
Name MONA8: [2]MECANICO_REFRIGERACAO!$I$138

Sheet Porteiro - POA Diurno
A1: PLANILHA DE CUSTOS E FORMAÇÃO DE PREÇOS DE SERVIÇOS CONTINUADOS COM DEDICAÇÃO EXCLUSIVA DE MÃO DE OBRA (ANEXO III - DECRETO 52.768 de 15.12.2015)
A2: PROCESSO: | C2: 25/2148-0001140-5 | E2: REGIME DE TRIBUTAÇÃO: LUCRO REAL
A3: LICITAÇÃO/EDITAL | E3: ABERTURA:
A5: Cargo/Função: | D5: Porteiro - POA Diurno | G5: =IF(D6="12x36","Regime de trabalho:","Quantidade de HORAS/MÊS") -> Regime de trabalho: | I5: =IF(D6="12x36",D6,5*D6) -> 12x36
A6: =IF(D6="12x36","Regime de trabalho:","Regime de trabalho (horas semanais):") -> Regime de trabalho: | D6: 12x36
A7: Convenção Coletiva de Trabalho: | D7: RS000041/2026 | G7: INSALUBRIDADE (10%, 20%, 40%) | I7: Não aplicável
A8: Origem do salário: | D8: CCT
A9: Cidade: | D9: Porto Alegre | G9: PERICULOSIDADE (30%) | I9: Não aplicável
A10: Salário Normativo | G10: Vlr. do salário e nº de horas correspondentes | H10: 220 | I10: 2126.25
A11: ISS | G11: =D9 -> Porto Alegre | H11: Alíquota | I11: 0.025
A12: Tarifa Transporte | G12: CCT | H12: Vr. Unitário | I12: 5.3
H13: Dias | I13: 15
H14: Desconto | I14: 0.06
A15: Auxílio Alimentação | G15: CCT | H15: Vr. Unitário | I15: 27.15
H16: Dias | I16: 15
H17: Desconto | I17: 0.19
A18: Auxílio Lanche | G18: CCT | H18: Vr. Unitário | I18: 0
H19: Dias | I19: 0
H20: Desconto | I20: 0
A21: Prêmio Assiduidade / Cesta Básica (quando houver) | G21: CCT | H21: Valor mensal | I21: 80
A22: Plano de Benefício Social Familiar (apenas para a CCT SEEAC/SINDASSEIO) | G22: CCT | H22: Valor mensal | I22: 25.52
A23: Outros benefícios que refletem na planilha de custos, caso constem na CCT. | G23: CCT | H23: Valor mensal | I23: Não aplicável
A24: Adicional de Supervisor (37%) | H24: Porcentagem | I24: Não aplicável
A25: Base de cálculo da insalubridade | H25: Valor | I25: =I38 -> 2126.25
A26: Quantitativo de horas trabalhadas em feriados no mês (estimado) - Não aplicável para postos 12x36 | H26: Horas por mês | I26: Não aplicável
H27: Acréscimo da hora extra | I27: Não aplicável
A28: Hora Intervalar (somente para postos 12x36, quando for o caso) | H28: Horas por mês | I28: 15
A29: Sem fornecimento de materiais ou apenas fornecimento de EPIs ou uniformes, utilizar 10%. Com fornecimento de materiais ou equipamentos, utilizar 20%. (Decreto 52.768/2015, alterado pelo Decreto 53.424/2017) | H29: Porcentagem | I29: 0.1
I30: Não aplicável
A36: MONTANTE A
A37: I | B37: Remuneração - Grupo I | H37: % | I37: Valor Mensal/unidade de serviço (R$)
A38: 1 | B38: Salário | H38: =I38/$I$46 -> 1 | I38: =IF(D6="12x36",I10,I10/H10*I5) -> 2126.25
A39: =A38+1 -> 2 | B39: Adicional Periculosidade 30% (Ver súmulas 364, 132 e 191 do TST) | H39: =I39/$I$46 -> 0 | I39: =IF(I9=30%,I38*I9,0) -> 0
A40: =A39+1 -> 3 | B40: Adicional Insalubridade 10% (Ver súmula 228 e 139 TST) (1) | H40: =I40/$I$46 -> 0 | I40: =IF(I7=10%,I25*I7,0) -> 0
A41: =A40+1 -> 4 | B41: Adicional Insalubridade 20% (Ver súmula 228 e 139 TST) (1) | H41: =I41/$I$46 -> 0 | I41: =IF(I7=20%,I25*I7,0) -> 0
A42: =A41+1 -> 5 | B42: Adicional Insalubridade 40% (Ver súmula 228 e 139 TST) (1) | H42: =I42/$I$46 -> 0 | I42: =IF(I7=40%,I25*I7,0) -> 0
A43: =A42+1 -> 6 | B43: Adicional de Supervisor (IN 05/2017 MPOG SLTI) | H43: =I43/$I$46 -> 0 | I43: =IF(I24="Não aplicável",0,I38*I24) -> 0
A44: =A43+1 -> 7 | B44: Feriados | H44: =I44/$I$46 -> 0 | I44: =IF(I26="Não aplicável",0,(I38+I39+I40+I41+I42+I43)/I5*I26*(1+I27)) -> 0
A45: =A44+1 -> 8 | B45: DSR = número total das horas extras do mês / número de dias úteis X domingos e feriados do mês X valor da hora extra com acréscimo | H45: =I45/$I$46 -> 0 | I45: =IF(I26="Não aplicável",0,I26/I13*5*(I10/H10*(1+I27))) -> 0
A46: Total de Remuneração | H46: =SUM(H38:H45) -> 1 | I46: =SUM(I38:I45) -> 2126.25
A47: (1) | B47: Para posto de trabalho que tenha a necessidade de pagamento de adicional de insalubridade, a planilha de custos irá prever o salário proporcional como base de cálculo da insalubridade, conforme Pareceres da PGE nº 21.858/26 e 18.200/2020 e Promoção da PGE disposta no processo administrativo nº 20/2000-0034874-2. Porém, será permitida à licitante a alteração da base de cálculo na planilha de custos para que seja previsto o salário normativo do cargo ou o salário mínimo nacional (o que se aplicar mais benéfico). Uma vez caracterizada a condição insalubre, deve a empresa contratada pagar ao empregado o respectivo adicional na sua integralidade, independentemente da jornada de trabalho do empregado.
A57: II | B57: Encargos Sociais - Grupo II: Obrigações Sociais | H57: % | I57: Valor Mensal/unidade de serviço (R$)
A58: 1 | B58: INSS (art. 22, inc. I, Lei nº 8.212/91) | H58: 0.2 | I58: =$I$46*H58 -> 425.25
A59: 2 | B59: SESI ou SESC (art. 30, Lei nº 8.036/90) | H59: 0.015 | I59: =$I$46*H59 -> 31.89375
A60: 3 | B60: SENAI ou SENAC (Decreto-Lei nº 2.318/86) | H60: 0.01 | I60: =$I$46*H60 -> 21.2625
A61: 4 | B61: INCRA (art. 15I, Lei Complementar nº 011/71) | H61: 0.002 | I61: =$I$46*H61 -> 4.2525
A62: 5 | B62: SALÁRIO EDUCAÇÃO (art. , inc. I, Decreto nº 87.043/82) | H62: 0.025 | I62: =$I$46*H62 -> 53.15625
A63: 6 | B63: FGTS (art. 15, Lei nº 8.036/90) | H63: 0.08 | I63: =$I$46*H63 -> 170.1
A64: 7 | B64: SEG. ACIDENTE DO TRABALHO 1%, 2% e 3% (art. 22, inc. II, alíneas "b" e "c", da Lei nº 8.212/91) (2) | H64: 0.03 | I64: =$I$46*H64 -> 63.7875
A65: 8 | B65: SEBRAE (§ 3º, art. 8º, Lei nº 8.029/90) | H65: 0.006 | I65: =$I$46*H65 -> 12.7575
A66: Total do Grupo II | H66: =SUM(H58:H65) -> 0.368 | I66: =SUM(I58:I65) -> 782.46
A67: (2) | B67: Os percentuais para o SAT podem variar de 0,50% a 6,00% em função do Fator de Acidente Previdenciário (FAP), Decreto nº 6.957/2009
B68: Deverá obrigatoriamente acompanhar a proposta de preços e a planilha de custos e formação de preços a prova do Fator Acidentário de Prevenção – FAP por meio de impressão de consulta ao site do Ministério da Previdência Social (que pode ser obtido no endereço eletrônico http://www2.dataprev.gov.br/fap/fap.htm), independentemente de alteração da alíquota da parcela do Seguro Acidente de Trabalho disposta no Quadro II da referida planilha.
A69: III | B69: Encargos Sociais - Grupo III: Tempo Não Trabalhado | H69: % | I69: Valor Mensal/unidade de serviço (R$)
A70: 1 | B70: FÉRIAS GOZADAS + ADICIONAL DE FÉRIAS | H70: 0.119314 | I70: =$I$46*H70 -> 253.69139
A71: 2 | B71: FALTAS ABONADAS (3) | H71: 0.020479 | I71: =$I$46*H71 -> 43.543474
A72: 3 | B72: FALTAS LEGAIS (4) | H72: 0.012123 | I72: =$I$46*H72 -> 25.776529
A73: 4 | B73: LICENÇA MATERNIDADE | H73: 0.011436 | I73: =$I$46*H73 -> 24.315795
A74: 5 | B74: LICENÇA PATERNIDADE | H74: 0.000174 | I74: =$I$46*H74 -> 0.3699675
A75: 6 | B75: ACIDENTE DE TRABALHO | H75: 0.000442 | I75: =$I$46*H75 -> 0.9398025
A76: 7 | B76: AVISO PRÉVIO TRABALHADO | H76: 0.000185 | I76: =$I$46*H76 -> 0.39335625
A77: 8 | B77: 13º SALÁRIO | H77: 0.09079 | I77: =$I$46*H77 -> 193.04224
A78: Total do Grupo III | H78: =SUM(H70:H77) -> 0.254943 | I78: =SUM(I70:I77) -> 542.07255
A79: (3) | B79: Faltas Justificadas por Auxílio Doença
A80: (4) | B80: Faltas Legais - Art. 473 CLT
A81: IV | B81: Encargos Sociais - Grupo IV: Indenizações | H81: % | I81: Valor Mensal/unidade de serviço (R$)
A82: 1 | B82: INDENIZAÇÕES | H82: 0.048321 | I82: =$I$46*H82 -> 102.74253
A83: 2 | B83: FGTS SOBRE INDENIZAÇÕES | H83: 0.003511 | I83: =$I$46*H83 -> 7.4652637
A84: 3 | B84: INDENIZAÇÃO COMPENSATÓRIA POR DEMISSÃO SEM JUSTA CAUSA | H84: 0.019328 | I84: =$I$46*H84 -> 41.09616
A85: Total do Grupo IV | H85: =SUM(H82:H84) -> 0.07116 | I85: =SUM(I82:I84) -> 151.30395
A87: V | B87: Encargos Sociais - Grupo V: Incidências | H87: % | I87: Valor Mensal/unidade de serviço (R$)
A88: 1 | B88: INCIDÊNCIA GRUPO II (Obrigações Sociais) X GRUPO III (Tempo Não Trabalhado) | H88: =(H66*H78) -> 0.093819024 | I88: =$I$46*H88 -> 199.4827
A89: Total do Grupo V | H89: =SUM(H88:H88) -> 0.093819024 | I89: =I88 -> 199.4827
A91: TOTAL DOS ENCARGOS SOCIAIS (II + III + IV + V) | H91: =H66+H78+H85+H89 -> 0.78792202 | I91: =I66+I78+I85+I89 -> 1675.3192
A93: VI | B93: Demais custos relativos à Norma Coletiva ou Disposições Legais - Grupo VI | H93: % | I93: Valor Mensal/unidade de serviço (R$)
A94: 1 | B94: Auxílio Alimentação | H94: =I94/$I$46 -> 0.15514286 | I94: =I114 -> 329.8725
A95: =A94+1 -> 2 | B95: Auxílio Lanche | H95: =I95/$I$46 -> 0 | I95: =I110 -> 0
A96: =A95+1 -> 3 | B96: Plano de Saúde | H96: =I96/$I$46 -> 0 | I96: 0
A97: =A96+1 -> 4 | B97: Vale-Transporte⁽⁵⁾ | H97: =I97/$I$46 -> 0.014779541 | I97: =I106 -> 31.425
A98: =A97+1 -> 5 | B98: Adicional Intervalar | H98: =I98/$I$46 -> 0.10227273 | I98: =IF(I28="Não aplicável",0,((I10/H10)*1.5*I28)) -> 217.45739
A99: 6 | B99: Prêmio Assiduidade (quando houver) | H99: =I99/$I$46 -> 0.037624927 | I99: =IF(I21="Não aplicável",0,I21) -> 80
A100: 7 | B100: Plano de Benefício Social Familiar (apenas para a CCT SEEAC/SINDASSEIO) | H100: =I100/$I$46 -> 0.012002352 | I100: =IF(I22="Não aplicável",0,I22) -> 25.52
A101: 8 | B101: Outros | H101: =I101/$I$46 -> 0 | I101: =IF(I23="Não aplicável",0,I23) -> 0
A102: Total do Grupo VI | H102: =SUM(H94:H101) -> 0.3218224 | I102: =SUM(I94:I101) -> 684.27489
A103: (5) | B103: O valor do vale-transporte pode variar de acordo com o modal fornecido pelo empregador.
A104: MEMÓRIA DE CÁLCULO DO VALE TRANSPORTE
A105: Valor Unitário | C105: Dias de Trabalho | D105: Vale p/dia | E105: Custo total | F105: Base de cálculo | G105: Percentual de desconto | H105: Valor desconto | I105: Custo efetivo
A106: =IF(I12="Não aplicável",0,I12) -> 5.3 | C106: =IF(I13="Não aplicável",0,I13) -> 15 | D106: 2 | E106: =A106*C106*D106 -> 159 | F106: =I38 -> 2126.25 | G106: =IF(I14="Não aplicável",0,I14) -> 0.06 | H106: =F106*G106 -> 127.575 | I106: =IF((E106-H106)>0,E106-H106,0) -> 31.425
A108: MEMÓRIA DE CÁLCULO DO VALE LANCHE
A109: Valor Unitário | C109: Dias por mês | D109: Vale p/dia | E109: Custo total | F109: Base de cálculo | G109: Percentual de desconto | H109: Valor desconto | I109: Custo efetivo
A110: =IF(I18="Não aplicável",0,I18) -> 0 | C110: =IF(I19="Não aplicável",0,I19) -> 0 | D110: 1 | E110: =A110*C110*D110 -> 0 | F110: =E110 -> 0 | G110: =IF(I20="Não aplicável",0,I20) -> 0 | H110: =F110*G110 -> 0 | I110: =E110-H110 -> 0
A112: MEMÓRIA DE CÁLCULO DO | F112: =A15 -> Auxílio Alimentação
A113: Valor Unitário | C113: Dias por mês | D113: Vale p/dia | E113: Custo total | F113: Base de cálculo | G113: Percentual de desconto | H113: =H105 -> Valor desconto | I113: Custo efetivo
A114: =IF(I15="Não aplicável",0,I15) -> 27.15 | C114: =IF(I16="Não aplicável",0,I16) -> 15 | D114: 1 | E114: =A114*C114*D114 -> 407.25 | F114: =E114 -> 407.25 | G114: =IF(I17="Não aplicável",0,I17) -> 0.19 | H114: =F114*G114 -> 77.3775 | I114: =E114-H114 -> 329.8725
A116: TOTAL DO MONTANTE A (I + II + III+ IV + V +VI) | H116: =H46+H91+H102 -> 2.1097444 | I116: =I46+I91+I102 -> 4485.8441
A118: MONTANTE B
A119: I | B119: Despesas Diretas | H119: % | I119: Valor Mensal/unidade de serviço (R$)
A120: 1 | B120: Transporte (6) | H120: =I120/$I$132 -> 0 | I120: 0
A121: 2 | B121: Uniformes/EPI (6a) | H121: =I121/$I$132 -> 0 | I121: 0
A122: 3 | B122: Seguro de vida | H122: =I122/$I$132 -> 0 | I122: 0
...

Sheet Porteiro - Canoas Diurno
A1: PLANILHA DE CUSTOS E FORMAÇÃO DE PREÇOS DE SERVIÇOS CONTINUADOS COM DEDICAÇÃO EXCLUSIVA DE MÃO DE OBRA (ANEXO III - DECRETO 52.768 de 15.12.2015)
A2: PROCESSO: | C2: 25/2148-0001140-5 | E2: REGIME DE TRIBUTAÇÃO: LUCRO REAL
A3: LICITAÇÃO/EDITAL | E3: ABERTURA:
A5: Cargo/Função: | D5: Porteiro - Canoas Diurno | G5: =IF(D6="12x36","Regime de trabalho:","Quantidade de HORAS/MÊS") -> Regime de trabalho: | I5: =IF(D6="12x36",D6,5*D6) -> 12x36
A6: =IF(D6="12x36","Regime de trabalho:","Regime de trabalho (horas semanais):") -> Regime de trabalho: | D6: 12x36
A7: Convenção Coletiva de Trabalho: | D7: RS000041/2026 | G7: INSALUBRIDADE (10%, 20%, 40%) | I7: Não aplicável
A8: Origem do salário: | D8: CCT
A9: Cidade: | D9: Canoas | G9: PERICULOSIDADE (30%) | I9: Não aplicável
A10: Salário Normativo | G10: Vlr. do salário e nº de horas correspondentes | H10: 220 | I10: 2126.25
A11: ISS | G11: =D9 -> Canoas | H11: Alíquota | I11: 0.04
A12: Tarifa Transporte | G12: CCT | H12: Vr. Unitário | I12: 0
H13: Dias | I13: 0
H14: Desconto | I14: 0
A15: Auxílio Alimentação | G15: CCT | H15: Vr. Unitário | I15: 27.15
H16: Dias | I16: 15
H17: Desconto | I17: 0.19
A18: Auxílio Lanche | G18: CCT | H18: Vr. Unitário | I18: 0
H19: Dias | I19: 0
H20: Desconto | I20: 0
A21: Prêmio Assiduidade / Cesta Básica (quando houver) | G21: CCT | H21: Valor mensal | I21: 80
A22: Plano de Benefício Social Familiar (apenas para a CCT SEEAC/SINDASSEIO) | G22: CCT | H22: Valor mensal | I22: 25.52
A23: Outros benefícios que refletem na planilha de custos, caso constem na CCT. | G23: CCT | H23: Valor mensal | I23: Não aplicável
A24: Adicional de Supervisor (37%) | H24: Porcentagem | I24: Não aplicável
A25: Base de cálculo da insalubridade | H25: Valor | I25: =I38 -> 2126.25
A26: Quantitativo de horas trabalhadas em feriados no mês (estimado) - Não aplicável para postos 12x36 | H26: Horas por mês | I26: Não aplicável
H27: Acréscimo da hora extra | I27: Não aplicável
A28: Hora Intervalar (somente para postos 12x36, quando for o caso) | H28: Horas por mês | I28: 15
A29: Sem fornecimento de materiais ou apenas fornecimento de EPIs ou uniformes, utilizar 10%. Com fornecimento de materiais ou equipamentos, utilizar 20%. (Decreto 52.768/2015, alterado pelo Decreto 53.424/2017) | H29: Porcentagem | I29: 0.1
I30: Não aplicável
A36: MONTANTE A
A37: I | B37: Remuneração - Grupo I | H37: % | I37: Valor Mensal/unidade de serviço (R$)
A38: 1 | B38: Salário | H38: =I38/$I$46 -> 1 | I38: =IF(D6="12x36",I10,I10/H10*I5) -> 2126.25
A39: =A38+1 -> 2 | B39: Adicional Periculosidade 30% (Ver súmulas 364, 132 e 191 do TST) | H39: =I39/$I$46 -> 0 | I39: =IF(I9=30%,I38*I9,0) -> 0
A40: =A39+1 -> 3 | B40: Adicional Insalubridade 10% (Ver súmula 228 e 139 TST) (1) | H40: =I40/$I$46 -> 0 | I40: =IF(I7=10%,I25*I7,0) -> 0
A41: =A40+1 -> 4 | B41: Adicional Insalubridade 20% (Ver súmula 228 e 139 TST) (1) | H41: =I41/$I$46 -> 0 | I41: =IF(I7=20%,I25*I7,0) -> 0
A42: =A41+1 -> 5 | B42: Adicional Insalubridade 40% (Ver súmula 228 e 139 TST) (1) | H42: =I42/$I$46 -> 0 | I42: =IF(I7=40%,I25*I7,0) -> 0
A43: =A42+1 -> 6 | B43: Adicional de Supervisor (IN 05/2017 MPOG SLTI) | H43: =I43/$I$46 -> 0 | I43: =IF(I24="Não aplicável",0,I38*I24) -> 0
A44: =A43+1 -> 7 | B44: Feriados | H44: =I44/$I$46 -> 0 | I44: =IF(I26="Não aplicável",0,(I38+I39+I40+I41+I42+I43)/I5*I26*(1+I27)) -> 0
A45: =A44+1 -> 8 | B45: DSR = número total das horas extras do mês / número de dias úteis X domingos e feriados do mês X valor da hora extra com acréscimo | H45: =I45/$I$46 -> 0 | I45: =IF(I26="Não aplicável",0,I26/I13*5*(I10/H10*(1+I27))) -> 0
A46: Total de Remuneração | H46: =SUM(H38:H45) -> 1 | I46: =SUM(I38:I45) -> 2126.25
A47: (1) | B47: Para posto de trabalho que tenha a necessidade de pagamento de adicional de insalubridade, a planilha de custos irá prever o salário proporcional como base de cálculo da insalubridade, conforme Pareceres da PGE nº 21.858/26 e 18.200/2020 e Promoção da PGE disposta no processo administrativo nº 20/2000-0034874-2. Porém, será permitida à licitante a alteração da base de cálculo na planilha de custos para que seja previsto o salário normativo do cargo ou o salário mínimo nacional (o que se aplicar mais benéfico). Uma vez caracterizada a condição insalubre, deve a empresa contratada pagar ao empregado o respectivo adicional na sua integralidade, independentemente da jornada de trabalho do empregado.
A57: II | B57: Encargos Sociais - Grupo II: Obrigações Sociais | H57: % | I57: Valor Mensal/unidade de serviço (R$)
A58: 1 | B58: INSS (art. 22, inc. I, Lei nº 8.212/91) | H58: 0.2 | I58: =$I$46*H58 -> 425.25
A59: 2 | B59: SESI ou SESC (art. 30, Lei nº 8.036/90) | H59: 0.015 | I59: =$I$46*H59 -> 31.89375
A60: 3 | B60: SENAI ou SENAC (Decreto-Lei nº 2.318/86) | H60: 0.01 | I60: =$I$46*H60 -> 21.2625
A61: 4 | B61: INCRA (art. 15I, Lei Complementar nº 011/71) | H61: 0.002 | I61: =$I$46*H61 -> 4.2525
A62: 5 | B62: SALÁRIO EDUCAÇÃO (art. , inc. I, Decreto nº 87.043/82) | H62: 0.025 | I62: =$I$46*H62 -> 53.15625
A63: 6 | B63: FGTS (art. 15, Lei nº 8.036/90) | H63: 0.08 | I63: =$I$46*H63 -> 170.1
A64: 7 | B64: SEG. ACIDENTE DO TRABALHO 1%, 2% e 3% (art. 22, inc. II, alíneas "b" e "c", da Lei nº 8.212/91) (2) | H64: 0.03 | I64: =$I$46*H64 -> 63.7875
A65: 8 | B65: SEBRAE (§ 3º, art. 8º, Lei nº 8.029/90) | H65: 0.006 | I65: =$I$46*H65 -> 12.7575
A66: Total do Grupo II | H66: =SUM(H58:H65) -> 0.368 | I66: =SUM(I58:I65) -> 782.46
A67: (2) | B67: Os percentuais para o SAT podem variar de 0,50% a 6,00% em função do Fator de Acidente Previdenciário (FAP), Decreto nº 6.957/2009
B68: Deverá obrigatoriamente acompanhar a proposta de preços e a planilha de custos e formação de preços a prova do Fator Acidentário de Prevenção – FAP por meio de impressão de consulta ao site do Ministério da Previdência Social (que pode ser obtido no endereço eletrônico http://www2.dataprev.gov.br/fap/fap.htm), independentemente de alteração da alíquota da parcela do Seguro Acidente de Trabalho disposta no Quadro II da referida planilha.
A69: III | B69: Encargos Sociais - Grupo III: Tempo Não Trabalhado | H69: % | I69: Valor Mensal/unidade de serviço (R$)
A70: 1 | B70: FÉRIAS GOZADAS + ADICIONAL DE FÉRIAS | H70: 0.119314 | I70: =$I$46*H70 -> 253.69139
A71: 2 | B71: FALTAS ABONADAS (3) | H71: 0.020479 | I71: =$I$46*H71 -> 43.543474
A72: 3 | B72: FALTAS LEGAIS (4) | H72: 0.012123 | I72: =$I$46*H72 -> 25.776529
A73: 4 | B73: LICENÇA MATERNIDADE | H73: 0.011436 | I73: =$I$46*H73 -> 24.315795
A74: 5 | B74: LICENÇA PATERNIDADE | H74: 0.000174 | I74: =$I$46*H74 -> 0.3699675
A75: 6 | B75: ACIDENTE DE TRABALHO | H75: 0.000442 | I75: =$I$46*H75 -> 0.9398025
A76: 7 | B76: AVISO PRÉVIO TRABALHADO | H76: 0.000185 | I76: =$I$46*H76 -> 0.39335625
A77: 8 | B77: 13º SALÁRIO | H77: 0.09079 | I77: =$I$46*H77 -> 193.04224
A78: Total do Grupo III | H78: =SUM(H70:H77) -> 0.254943 | I78: =SUM(I70:I77) -> 542.07255
A79: (3) | B79: Faltas Justificadas por Auxílio Doença
A80: (4) | B80: Faltas Legais - Art. 473 CLT
A81: IV | B81: Encargos Sociais - Grupo IV: Indenizações | H81: % | I81: Valor Mensal/unidade de serviço (R$)
A82: 1 | B82: INDENIZAÇÕES | H82: 0.048321 | I82: =$I$46*H82 -> 102.74253
A83: 2 | B83: FGTS SOBRE INDENIZAÇÕES | H83: 0.003511 | I83: =$I$46*H83 -> 7.4652637
A84: 3 | B84: INDENIZAÇÃO COMPENSATÓRIA POR DEMISSÃO SEM JUSTA CAUSA | H84: 0.019328 | I84: =$I$46*H84 -> 41.09616
A85: Total do Grupo IV | H85: =SUM(H82:H84) -> 0.07116 | I85: =SUM(I82:I84) -> 151.30395
A87: V | B87: Encargos Sociais - Grupo V: Incidências | H87: % | I87: Valor Mensal/unidade de serviço (R$)
A88: 1 | B88: INCIDÊNCIA GRUPO II (Obrigações Sociais) X GRUPO III (Tempo Não Trabalhado) | H88: =(H66*H78) -> 0.093819024 | I88: =$I$46*H88 -> 199.4827
A89: Total do Grupo V | H89: =SUM(H88:H88) -> 0.093819024 | I89: =I88 -> 199.4827
A91: TOTAL DOS ENCARGOS SOCIAIS (II + III + IV + V) | H91: =H66+H78+H85+H89 -> 0.78792202 | I91: =I66+I78+I85+I89 -> 1675.3192
A93: VI | B93: Demais custos relativos à Norma Coletiva ou Disposições Legais - Grupo VI | H93: % | I93: Valor Mensal/unidade de serviço (R$)
A94: 1 | B94: Auxílio Alimentação | H94: =I94/$I$46 -> 0.15514286 | I94: =I114 -> 329.8725
A95: =A94+1 -> 2 | B95: Auxílio Lanche | H95: =I95/$I$46 -> 0 | I95: =I110 -> 0
A96: =A95+1 -> 3 | B96: Plano de Saúde | H96: =I96/$I$46 -> 0 | I96: 0
A97: =A96+1 -> 4 | B97: Vale-Transporte⁽⁵⁾ | H97: =I97/$I$46 -> 0 | I97: =I106 -> 0
A98: =A97+1 -> 5 | B98: Adicional Intervalar | H98: =I98/$I$46 -> 0.10227273 | I98: =IF(I28="Não aplicável",0,((I10/H10)*1.5*I28)) -> 217.45739
A99: 6 | B99: Prêmio Assiduidade (quando houver) | H99: =I99/$I$46 -> 0.037624927 | I99: =IF(I21="Não aplicável",0,I21) -> 80
A100: 7 | B100: Plano de Benefício Social Familiar (apenas para a CCT SEEAC/SINDASSEIO) | H100: =I100/$I$46 -> 0.012002352 | I100: =IF(I22="Não aplicável",0,I22) -> 25.52
A101: 8 | B101: Outros | H101: =I101/$I$46 -> 0 | I101: =IF(I23="Não aplicável",0,I23) -> 0
A102: Total do Grupo VI | H102: =SUM(H94:H101) -> 0.30704286 | I102: =SUM(I94:I101) -> 652.84989
A103: (5) | B103: O valor do vale-transporte pode variar de acordo com o modal fornecido pelo empregador.
A104: MEMÓRIA DE CÁLCULO DO VALE TRANSPORTE
A105: Valor Unitário | C105: Dias de Trabalho | D105: Vale p/dia | E105: Custo total | F105: Base de cálculo | G105: Percentual de desconto | H105: Valor desconto | I105: Custo efetivo
A106: =IF(I12="Não aplicável",0,I12) -> 0 | C106: =IF(I13="Não aplicável",0,I13) -> 0 | D106: 2 | E106: =A106*C106*D106 -> 0 | F106: =I38 -> 2126.25 | G106: =IF(I14="Não aplicável",0,I14) -> 0 | H106: =F106*G106 -> 0 | I106: =IF((E106-H106)>0,E106-H106,0) -> 0
A108: MEMÓRIA DE CÁLCULO DO VALE LANCHE
A109: Valor Unitário | C109: Dias por mês | D109: Vale p/dia | E109: Custo total | F109: Base de cálculo | G109: Percentual de desconto | H109: Valor desconto | I109: Custo efetivo
A110: =IF(I18="Não aplicável",0,I18) -> 0 | C110: =IF(I19="Não aplicável",0,I19) -> 0 | D110: 1 | E110: =A110*C110*D110 -> 0 | F110: =E110 -> 0 | G110: =IF(I20="Não aplicável",0,I20) -> 0 | H110: =F110*G110 -> 0 | I110: =E110-H110 -> 0
A112: MEMÓRIA DE CÁLCULO DO | F112: =A15 -> Auxílio Alimentação
A113: Valor Unitário | C113: Dias por mês | D113: Vale p/dia | E113: Custo total | F113: Base de cálculo | G113: Percentual de desconto | H113: =H105 -> Valor desconto | I113: Custo efetivo
A114: =IF(I15="Não aplicável",0,I15) -> 27.15 | C114: =IF(I16="Não aplicável",0,I16) -> 15 | D114: 1 | E114: =A114*C114*D114 -> 407.25 | F114: =E114 -> 407.25 | G114: =IF(I17="Não aplicável",0,I17) -> 0.19 | H114: =F114*G114 -> 77.3775 | I114: =E114-H114 -> 329.8725
A116: TOTAL DO MONTANTE A (I + II + III+ IV + V +VI) | H116: =H46+H91+H102 -> 2.0949649 | I116: =I46+I91+I102 -> 4454.4191
A118: MONTANTE B
A119: I | B119: Despesas Diretas | H119: % | I119: Valor Mensal/unidade de serviço (R$)
A120: 1 | B120: Transporte (6) | H120: =I120/$I$132 -> 0 | I120: 0
A121: 2 | B121: Uniformes/EPI (6a) | H121: =I121/$I$132 -> 0 | I121: 0
A122: 3 | B122: Seguro de vida | H122: =I122/$I$132 -> 0 | I122: 0
...

Sheet Porteiro - Taquari Diurno
A1: PLANILHA DE CUSTOS E FORMAÇÃO DE PREÇOS DE SERVIÇOS CONTINUADOS COM DEDICAÇÃO EXCLUSIVA DE MÃO DE OBRA (ANEXO III - DECRETO 52.768 de 15.12.2015)
A2: PROCESSO: | C2: 25/2148-0001140-5 | E2: REGIME DE TRIBUTAÇÃO: LUCRO REAL
A3: LICITAÇÃO/EDITAL | E3: ABERTURA:
A5: Cargo/Função: | D5: Porteiro - Taquari Diurno | G5: =IF(D6="12x36","Regime de trabalho:","Quantidade de HORAS/MÊS") -> Regime de trabalho: | I5: =IF(D6="12x36",D6,5*D6) -> 12x36
A6: =IF(D6="12x36","Regime de trabalho:","Regime de trabalho (horas semanais):") -> Regime de trabalho: | D6: 12x36
A7: Convenção Coletiva de Trabalho: | D7: RS000095/2026 | G7: INSALUBRIDADE (10%, 20%, 40%) | I7: Não aplicável
A8: Origem do salário: | D8: CCT
A9: Cidade: | D9: Taquari | G9: PERICULOSIDADE (30%) | I9: Não aplicável
A10: Salário Normativo | G10: Vlr. do salário e nº de horas correspondentes | H10: 220 | I10: 2126.25
A11: ISS | G11: =D9 -> Taquari | H11: Alíquota | I11: 0.02
A12: Tarifa Transporte | G12: CCT | H12: Vr. Unitário | I12: 5
H13: Dias | I13: 15
H14: Desconto | I14: 0.06
A15: Auxílio Alimentação | G15: CCT | H15: Vr. Unitário | I15: 27.15
H16: Dias | I16: 15
H17: Desconto | I17: 0.19
A18: Auxílio Lanche | G18: CCT | H18: Vr. Unitário | I18: 0
H19: Dias | I19: 0
H20: Desconto | I20: 0
A21: Prêmio Assiduidade / Cesta Básica (quando houver) | G21: CCT | H21: Valor mensal | I21: 80
A22: Plano de Benefício Social Familiar (apenas para a CCT SEEAC/SINDASSEIO) | G22: CCT | H22: Valor mensal | I22: 25.52
A23: Outros benefícios que refletem na planilha de custos, caso constem na CCT. | G23: CCT | H23: Valor mensal | I23: Não aplicável
A24: Adicional de Supervisor (37%) | H24: Porcentagem | I24: Não aplicável
A25: Base de cálculo da insalubridade | H25: Valor | I25: =I38 -> 2126.25
A26: Quantitativo de horas trabalhadas em feriados no mês (estimado) - Não aplicável para postos 12x36 | H26: Horas por mês | I26: Não aplicável
H27: Acréscimo da hora extra | I27: Não aplicável
A28: Hora Intervalar (somente para postos 12x36, quando for o caso) | H28: Horas por mês | I28: 15
A29: Sem fornecimento de materiais ou apenas fornecimento de EPIs ou uniformes, utilizar 10%. Com fornecimento de materiais ou equipamentos, utilizar 20%. (Decreto 52.768/2015, alterado pelo Decreto 53.424/2017) | H29: Porcentagem | I29: 0.1
I30: Não aplicável
A36: MONTANTE A
A37: I | B37: Remuneração - Grupo I | H37: % | I37: Valor Mensal/unidade de serviço (R$)
A38: 1 | B38: Salário | H38: =I38/$I$46 -> 1 | I38: =IF(D6="12x36",I10,I10/H10*I5) -> 2126.25
A39: =A38+1 -> 2 | B39: Adicional Periculosidade 30% (Ver súmulas 364, 132 e 191 do TST) | H39: =I39/$I$46 -> 0 | I39: =IF(I9=30%,I38*I9,0) -> 0
A40: =A39+1 -> 3 | B40: Adicional Insalubridade 10% (Ver súmula 228 e 139 TST) (1) | H40: =I40/$I$46 -> 0 | I40: =IF(I7=10%,I25*I7,0) -> 0
A41: =A40+1 -> 4 | B41: Adicional Insalubridade 20% (Ver súmula 228 e 139 TST) (1) | H41: =I41/$I$46 -> 0 | I41: =IF(I7=20%,I25*I7,0) -> 0
A42: =A41+1 -> 5 | B42: Adicional Insalubridade 40% (Ver súmula 228 e 139 TST) (1) | H42: =I42/$I$46 -> 0 | I42: =IF(I7=40%,I25*I7,0) -> 0
A43: =A42+1 -> 6 | B43: Adicional de Supervisor (IN 05/2017 MPOG SLTI) | H43: =I43/$I$46 -> 0 | I43: =IF(I24="Não aplicável",0,I38*I24) -> 0
A44: =A43+1 -> 7 | B44: Feriados | H44: =I44/$I$46 -> 0 | I44: =IF(I26="Não aplicável",0,(I38+I39+I40+I41+I42+I43)/I5*I26*(1+I27)) -> 0
A45: =A44+1 -> 8 | B45: DSR = número total das horas extras do mês / número de dias úteis X domingos e feriados do mês X valor da hora extra com acréscimo | H45: =I45/$I$46 -> 0 | I45: =IF(I26="Não aplicável",0,I26/I13*5*(I10/H10*(1+I27))) -> 0
A46: Total de Remuneração | H46: =SUM(H38:H45) -> 1 | I46: =SUM(I38:I45) -> 2126.25
A47: (1) | B47: Para posto de trabalho que tenha a necessidade de pagamento de adicional de insalubridade, a planilha de custos irá prever o salário proporcional como base de cálculo da insalubridade, conforme Pareceres da PGE nº 21.858/26 e 18.200/2020 e Promoção da PGE disposta no processo administrativo nº 20/2000-0034874-2. Porém, será permitida à licitante a alteração da base de cálculo na planilha de custos para que seja previsto o salário normativo do cargo ou o salário mínimo nacional (o que se aplicar mais benéfico). Uma vez caracterizada a condição insalubre, deve a empresa contratada pagar ao empregado o respectivo adicional na sua integralidade, independentemente da jornada de trabalho do empregado.
A57: II | B57: Encargos Sociais - Grupo II: Obrigações Sociais | H57: % | I57: Valor Mensal/unidade de serviço (R$)
A58: 1 | B58: INSS (art. 22, inc. I, Lei nº 8.212/91) | H58: 0.2 | I58: =$I$46*H58 -> 425.25
A59: 2 | B59: SESI ou SESC (art. 30, Lei nº 8.036/90) | H59: 0.015 | I59: =$I$46*H59 -> 31.89375
A60: 3 | B60: SENAI ou SENAC (Decreto-Lei nº 2.318/86) | H60: 0.01 | I60: =$I$46*H60 -> 21.2625
A61: 4 | B61: INCRA (art. 15I, Lei Complementar nº 011/71) | H61: 0.002 | I61: =$I$46*H61 -> 4.2525
A62: 5 | B62: SALÁRIO EDUCAÇÃO (art. , inc. I, Decreto nº 87.043/82) | H62: 0.025 | I62: =$I$46*H62 -> 53.15625
A63: 6 | B63: FGTS (art. 15, Lei nº 8.036/90) | H63: 0.08 | I63: =$I$46*H63 -> 170.1
A64: 7 | B64: SEG. ACIDENTE DO TRABALHO 1%, 2% e 3% (art. 22, inc. II, alíneas "b" e "c", da Lei nº 8.212/91) (2) | H64: 0.03 | I64: =$I$46*H64 -> 63.7875
A65: 8 | B65: SEBRAE (§ 3º, art. 8º, Lei nº 8.029/90) | H65: 0.006 | I65: =$I$46*H65 -> 12.7575
A66: Total do Grupo II | H66: =SUM(H58:H65) -> 0.368 | I66: =SUM(I58:I65) -> 782.46
A67: (2) | B67: Os percentuais para o SAT podem variar de 0,50% a 6,00% em função do Fator de Acidente Previdenciário (FAP), Decreto nº 6.957/2009
B68: Deverá obrigatoriamente acompanhar a proposta de preços e a planilha de custos e formação de preços a prova do Fator Acidentário de Prevenção – FAP por meio de impressão de consulta ao site do Ministério da Previdência Social (que pode ser obtido no endereço eletrônico http://www2.dataprev.gov.br/fap/fap.htm), independentemente de alteração da alíquota da parcela do Seguro Acidente de Trabalho disposta no Quadro II da referida planilha.
A69: III | B69: Encargos Sociais - Grupo III: Tempo Não Trabalhado | H69: % | I69: Valor Mensal/unidade de serviço (R$)
A70: 1 | B70: FÉRIAS GOZADAS + ADICIONAL DE FÉRIAS | H70: 0.119314 | I70: =$I$46*H70 -> 253.69139
A71: 2 | B71: FALTAS ABONADAS (3) | H71: 0.020479 | I71: =$I$46*H71 -> 43.543474
A72: 3 | B72: FALTAS LEGAIS (4) | H72: 0.012123 | I72: =$I$46*H72 -> 25.776529
A73: 4 | B73: LICENÇA MATERNIDADE | H73: 0.011436 | I73: =$I$46*H73 -> 24.315795
A74: 5 | B74: LICENÇA PATERNIDADE | H74: 0.000174 | I74: =$I$46*H74 -> 0.3699675
A75: 6 | B75: ACIDENTE DE TRABALHO | H75: 0.000442 | I75: =$I$46*H75 -> 0.9398025
A76: 7 | B76: AVISO PRÉVIO TRABALHADO | H76: 0.000185 | I76: =$I$46*H76 -> 0.39335625
A77: 8 | B77: 13º SALÁRIO | H77: 0.09079 | I77: =$I$46*H77 -> 193.04224
A78: Total do Grupo III | H78: =SUM(H70:H77) -> 0.254943 | I78: =SUM(I70:I77) -> 542.07255
A79: (3) | B79: Faltas Justificadas por Auxílio Doença
A80: (4) | B80: Faltas Legais - Art. 473 CLT
A81: IV | B81: Encargos Sociais - Grupo IV: Indenizações | H81: % | I81: Valor Mensal/unidade de serviço (R$)
A82: 1 | B82: INDENIZAÇÕES | H82: 0.048321 | I82: =$I$46*H82 -> 102.74253
A83: 2 | B83: FGTS SOBRE INDENIZAÇÕES | H83: 0.003511 | I83: =$I$46*H83 -> 7.4652637
A84: 3 | B84: INDENIZAÇÃO COMPENSATÓRIA POR DEMISSÃO SEM JUSTA CAUSA | H84: 0.019328 | I84: =$I$46*H84 -> 41.09616
A85: Total do Grupo IV | H85: =SUM(H82:H84) -> 0.07116 | I85: =SUM(I82:I84) -> 151.30395
A87: V | B87: Encargos Sociais - Grupo V: Incidências | H87: % | I87: Valor Mensal/unidade de serviço (R$)
A88: 1 | B88: INCIDÊNCIA GRUPO II (Obrigações Sociais) X GRUPO III (Tempo Não Trabalhado) | H88: =(H66*H78) -> 0.093819024 | I88: =$I$46*H88 -> 199.4827
A89: Total do Grupo V | H89: =SUM(H88:H88) -> 0.093819024 | I89: =I88 -> 199.4827
A91: TOTAL DOS ENCARGOS SOCIAIS (II + III + IV + V) | H91: =H66+H78+H85+H89 -> 0.78792202 | I91: =I66+I78+I85+I89 -> 1675.3192
A93: VI | B93: Demais custos relativos à Norma Coletiva ou Disposições Legais - Grupo VI | H93: % | I93: Valor Mensal/unidade de serviço (R$)
A94: 1 | B94: Auxílio Alimentação | H94: =I94/$I$46 -> 0.15514286 | I94: =I114 -> 329.8725
A95: =A94+1 -> 2 | B95: Auxílio Lanche | H95: =I95/$I$46 -> 0 | I95: =I110 -> 0
A96: =A95+1 -> 3 | B96: Plano de Saúde | H96: =I96/$I$46 -> 0 | I96: 0
A97: =A96+1 -> 4 | B97: Vale-Transporte⁽⁵⁾ | H97: =I97/$I$46 -> 0.010546737 | I97: =I106 -> 22.425
A98: =A97+1 -> 5 | B98: Adicional Intervalar | H98: =I98/$I$46 -> 0.10227273 | I98: =IF(I28="Não aplicável",0,((I10/H10)*1.5*I28)) -> 217.45739
A99: 6 | B99: Prêmio Assiduidade (quando houver) | H99: =I99/$I$46 -> 0.037624927 | I99: =IF(I21="Não aplicável",0,I21) -> 80
A100: 7 | B100: Plano de Benefício Social Familiar (apenas para a CCT SEEAC/SINDASSEIO) | H100: =I100/$I$46 -> 0.012002352 | I100: =IF(I22="Não aplicável",0,I22) -> 25.52
A101: 8 | B101: Outros | H101: =I101/$I$46 -> 0 | I101: =IF(I23="Não aplicável",0,I23) -> 0
A102: Total do Grupo VI | H102: =SUM(H94:H101) -> 0.3175896 | I102: =SUM(I94:I101) -> 675.27489
A103: (5) | B103: O valor do vale-transporte pode variar de acordo com o modal fornecido pelo empregador.
A104: MEMÓRIA DE CÁLCULO DO VALE TRANSPORTE
A105: Valor Unitário | C105: Dias de Trabalho | D105: Vale p/dia | E105: Custo total | F105: Base de cálculo | G105: Percentual de desconto | H105: Valor desconto | I105: Custo efetivo
A106: =IF(I12="Não aplicável",0,I12) -> 5 | C106: =IF(I13="Não aplicável",0,I13) -> 15 | D106: 2 | E106: =A106*C106*D106 -> 150 | F106: =I38 -> 2126.25 | G106: =IF(I14="Não aplicável",0,I14) -> 0.06 | H106: =F106*G106 -> 127.575 | I106: =IF((E106-H106)>0,E106-H106,0) -> 22.425
A108: MEMÓRIA DE CÁLCULO DO VALE LANCHE
A109: Valor Unitário | C109: Dias por mês | D109: Vale p/dia | E109: Custo total | F109: Base de cálculo | G109: Percentual de desconto | H109: Valor desconto | I109: Custo efetivo
A110: =IF(I18="Não aplicável",0,I18) -> 0 | C110: =IF(I19="Não aplicável",0,I19) -> 0 | D110: 1 | E110: =A110*C110*D110 -> 0 | F110: =E110 -> 0 | G110: =IF(I20="Não aplicável",0,I20) -> 0 | H110: =F110*G110 -> 0 | I110: =E110-H110 -> 0
A112: MEMÓRIA DE CÁLCULO DO | F112: =A15 -> Auxílio Alimentação
A113: Valor Unitário | C113: Dias por mês | D113: Vale p/dia | E113: Custo total | F113: Base de cálculo | G113: Percentual de desconto | H113: =H105 -> Valor desconto | I113: Custo efetivo
A114: =IF(I15="Não aplicável",0,I15) -> 27.15 | C114: =IF(I16="Não aplicável",0,I16) -> 15 | D114: 1 | E114: =A114*C114*D114 -> 407.25 | F114: =E114 -> 407.25 | G114: =IF(I17="Não aplicável",0,I17) -> 0.19 | H114: =F114*G114 -> 77.3775 | I114: =E114-H114 -> 329.8725
A116: TOTAL DO MONTANTE A (I + II + III+ IV + V +VI) | H116: =H46+H91+H102 -> 2.1055116 | I116: =I46+I91+I102 -> 4476.8441
A118: MONTANTE B
A119: I | B119: Despesas Diretas | H119: % | I119: Valor Mensal/unidade de serviço (R$)
A120: 1 | B120: Transporte (6) | H120: =I120/$I$132 -> 0 | I120: 0
A121: 2 | B121: Uniformes/EPI (6a) | H121: =I121/$I$132 -> 0 | I121: 0
A122: 3 | B122: Seguro de vida | H122: =I122/$I$132 -> 0 | I122: 0
...

Sheet Porteiro - POA Noturno
A1: PLANILHA DE CUSTOS E FORMAÇÃO DE PREÇOS DE SERVIÇOS CONTINUADOS COM DEDICAÇÃO EXCLUSIVA DE MÃO DE OBRA (ANEXO III - DECRETOS 52.768 de 15.12.2015 e 54.273 de 10.10.2018)
A2: PROCESSO: | C2: 25/2148-0001140-5 | E2: REGIME DE TRIBUTAÇÃO: LUCRO REAL
A3: LICITAÇÃO/EDITAL | E3: ABERTURA:
A5: Cargo/Função: | D5: Porteiro - POA Noturno | G5: =IF(D6="12x36","Regime de trabalho:","Quantidade de HORAS/MÊS") -> Regime de trabalho: | I5: =IF(D6="12x36",D6,5*D6) -> 12x36
A6: =IF(D6="12x36","Regime de trabalho:","Regime de trabalho (horas semanais):") -> Regime de trabalho: | D6: 12x36
A7: Convenção Coletiva de Trabalho: | D7: RS000041/2026 | G7: INSALUBRIDADE (10%, 20%, 40%) | I7: Não aplicável
A8: Origem do salário: | D8: CCT
A9: Cidade: | D9: Porto Alegre | G9: PERICULOSIDADE (30%) | I9: Não aplicável
A10: Salário Normativo | G10: Vlr. do salário e nº de horas correspondentes | H10: 220 | I10: 2126.25
A11: ISS | G11: =D9 -> Porto Alegre | H11: Alíquota | I11: 0.025
A12: Tarifa Transporte | G12: CCT | H12: Vr. Unitário | I12: 5.3
H13: Dias | I13: 15
H14: Desconto | I14: 0.06
A15: Vale Alimentação | G15: CCT | H15: Vr. Unitário | I15: 27.15
H16: Dias | I16: 15
H17: Desconto | I17: 0.19
A18: Auxílio Lanche | G18: CCT | H18: Vr. Unitário | I18: 0
H19: Dias | I19: 0
H20: Desconto | I20: 0
A21: Prêmio Assiduidade (quando houver) | G21: CCT | H21: Valor mensal | I21: 80
A22: Plano de Benefício Social Familiar (apenas para a CCT SEEAC/SINDASSEIO) | G22: CCT | H22: Valor mensal | I22: 25.52
A23: Outros benefícios que refletem na planilha de custos, caso constem na CCT | G23: CCT | H23: Valor mensal | I23: Não aplicável
A24: Adicional de Supervisor (37%) | H24: Porcentagem | I24: Não aplicável
A25: Base de cálculo da insalubridade | H25: Valor | I25: =I38 -> 2126.25
A26: Quantitativo de horas trabalhadas em feriados no mês (estimado) - Não aplicável para postos 12x36 | H26: Horas por mês | I26: Não aplicável
H27: Acréscimo da hora extra | I27: Não aplicável
A28: Hora Intervalar (somente para postos 12x36, quando for o caso) | H28: Horas por mês | I28: 15
A29: Sem fornecimento de materiais ou apenas fornecimento de EPIs ou uniformes, utilizar 10%. Com fornecimento de materiais ou equipamentos, utilizar 20%. (Decreto 52.768/2015, alterado pelo Decreto 53.424/2017) | H29: Porcentagem | I29: 0.1
A30: Adicional Noturno: Horas: [(60/52,5) x Nº de horas noturnas diárias] x Nº de dias trabalhados com hora noturna Valor hora: (vlr. do salário/nº de horas correspondente do salário) x Porcentagem do adicionl noturno | G30: CCT | H30: Nº horas | I30: =((60/52.5)*7)*15 -> 120
H31: Vr. Hora | I31: =I10/H10*I32 -> 1.9329545
H32: Porcentagem do adicional noturno | I32: 0.2
A33: Reduzida Noturna Horas Reduzidas: {[(60/52,5) x Nº de horas noturnas diárias] - Nº de horas noturnas diárias} X Nº de dias trabalhados com hora noturna Valor hora: (vlr. do salário/nº de horas correspondente do salário) x 150% (H.Extra) | G33: CCT | H33: Nº horas | I33: =(((60/52.5)*7)-7)*15 -> 15
H34: Vr. Hora | I34: =(I10/H10)*1.5 -> 14.497159
I35: Não aplicável
A36: MONTANTE A
A37: I | B37: Remuneração - Grupo I | H37: % | I37: Valor Mensal/unidade de serviço (R$)
A38: 1 | B38: Salário | H38: =I38/$I$55 -> 0.79767948 | I38: =IF(D6="12x36",I10,I10/H10*I5) -> 2126.25
A39: =A38+1 -> 2 | B39: Adicional Noturno 20% (Ver súmula 60 TST) | H39: =I39/$I$55 -> 0 | I39: 0
A40: =A39+1 -> 3 | B40: Adicional Periculosidade 30% (Ver súmulas 364, 132 e 191 do TST) | H40: =I40/$I$55 -> 0 | I40: =IF(I9=30%,I38*I9,0) -> 0
A41: =A40+1 -> 4 | B41: Adicional Insalubridade 10% (Ver súmula 228 e 139 TST) (1) | H41: =I41/$I$55 -> 0 | I41: =IF(I7=10%,I25*I7,0) -> 0
A42: =A41+1 -> 5 | B42: Adicional Insalubridade 20% (Ver súmula 228 e 139 TST) (1) | H42: =I42/$I$55 -> 0 | I42: =IF(I7=20%,I25*I7,0) -> 0
A43: =A42+1 -> 6 | B43: Adicional Insalubridade 40% (Ver súmula 228 e 139 TST) (1) | H43: =I43/$I$55 -> 0 | I43: =IF(I7=40%,I25*I7,0) -> 0
A44: =A43+1 -> 7 | B44: Adicional de Supervisor (IN 05/2017 MPOG SLTI) | H44: =I44/$I$55 -> 0 | I44: =IF(I24="Não aplicável",0,I38*I24) -> 0
A45: =A44+1 -> 8 | B45: Feriados | H45: =I45/$I$55 -> 0 | I45: =IF(I26="Não aplicável",0,(I38+I39+I40+I41+I42+I43+I44+I54)/I5*I26*(1+I27)) -> 0
A46: =A45+1 -> 9 | B46: DSR = número total das horas extras do mês / número de dias úteis X domingos e feriados do mês X valor da hora extra com acréscimo | H46: =I46/$I$55 -> 0 | I46: =IF(I26="Não aplicável",0,I26/I13*5*(I10/H10*(1+I27))) -> 0
A47: =A46+1 -> 10 | B47: Reduzida Noturna | H47: =I47/$I$55 -> 0.081580856 | I47: =I33*I34 -> 217.45739
A48: =A47+1 -> 11 | B48: Adicional de insalubridade sobre Reduzida Noturna | H48: =I48/$I$55 -> 0 | I48: =IF(OR(I7=10%,I7=20%,I7=40%),I47*I7,0) -> 0
A49: =A48+1 -> 12 | B49: Adicional de periculosidade sobre Reduzida Noturna | H49: =I49/$I$55 -> 0 | I49: =IF(I9=30%,I47*I9,0) -> 0
A50: =A49+1 -> 13 | B50: Adicional Noturno | H50: =I50/$I$55 -> 0.087019579 | I50: =I30*I31 -> 231.95455
A51: =A50+1 -> 14 | B51: Adicional de insalubridade sobre o Adicional Noturno | H51: =I51/$I$55 -> 0 | I51: =IF(OR(I7=10%,I7=20%,I7=40%),I50*I7,0) -> 0
A52: =A51+1 -> 15 | B52: Adicional de periculosidade sobre o Adicional Noturno | H52: =I52/$I$55 -> 0 | I52: =IF(I9=30%,I50*I9,0) -> 0
A53: =A52+1 -> 16 | B53: Integração RSRF (20%) sobre H. Extra Red. Noturna e Adic Noturno = [Reduzida Noturna + Adic. Noturno]*[Descanso Semanal Remunerado] (20%) | H53: =I53/$I$55 -> 0.033720087 | I53: =(I47+I50)*0.2 -> 89.882386
A54: =A53+1 -> 17 | B54: =IF(D6="12x36","Para postos 12x36 os feriados são considerados compensados, conforme parágrafo único, Art. 59-A da CLT","Outros") -> Para postos 12x36 os feriados são considerados compensados, conforme parágrafo único, Art. 59-A da CLT | H54: =I54/$I$55 -> 0 | I54: 0
A55: Total de Remuneração | H55: =SUM(H38:H54) -> 1 | I55: =SUM(I38:I54) -> 2665.5443
A56: (1) | B56: Para posto de trabalho que tenha a necessidade de pagamento de adicional de insalubridade, a planilha de custos irá prever o salário proporcional como base de cálculo da insalubridade, conforme Pareceres da PGE nº 21.858/26 e 18.200/2020 e Promoção da PGE disposta no processo administrativo nº 20/2000-0034874-2. Porém, será permitida à licitante a alteração da base de cálculo na planilha de custos para que seja previsto o salário normativo do cargo ou o salário mínimo nacional (o que se aplicar mais benéfico). Uma vez caracterizada a condição insalubre, deve a empresa contratada pagar ao empregado o respectivo adicional na sua integralidade, independentemente da jornada de trabalho do empregado.
A57: II | B57: Encargos Sociais - Grupo II: Obrigações Sociais | H57: % | I57: Valor Mensal/unidade de serviço (R$)
A58: 1 | B58: INSS (art. 22, inc. I, Lei nº 8.212/91) | H58: 0.2 | I58: =$I$55*H58 -> 533.10886
A59: 2 | B59: SESI ou SESC (art. 30, Lei nº 8.036/90) | H59: 0.015 | I59: =$I$55*H59 -> 39.983165
A60: 3 | B60: SENAI ou SENAC (Decreto-Lei nº 2.318/86) | H60: 0.01 | I60: =$I$55*H60 -> 26.655443
A61: 4 | B61: INCRA (art. 15I, Lei Complementar nº 011/71) | H61: 0.002 | I61: =$I$55*H61 -> 5.3310886
A62: 5 | B62: SALÁRIO EDUCAÇÃO (art. , inc. I, Decreto nº 87.043/82) | H62: 0.025 | I62: =$I$55*H62 -> 66.638608
A63: 6 | B63: FGTS (art. 15, Lei nº 8.036/90) | H63: 0.08 | I63: =$I$55*H63 -> 213.24355
A64: 7 | B64: SEG. ACIDENTE DO TRABALHO 1%, 2% e 3% (art. 22, inc. II, alíneas "b" e "c", da Lei nº 8.212/91) (2) | H64: 0.03 | I64: =$I$55*H64 -> 79.96633
A65: 8 | B65: SEBRAE (§ 3º, art. 8º, Lei nº 8.029/90) | H65: 0.006 | I65: =$I$55*H65 -> 15.993266
A66: Total do Grupo II | H66: =SUM(H58:H65) -> 0.368 | I66: =SUM(I58:I65) -> 980.92031
A67: (2) | B67: Os percentuais para o SAT podem variar de 0,50% a 6,00% em função do Fator de Acidente Previdenciário (FAP), Decreto nº 6.957/2009
B68: Deverá obrigatoriamente acompanhar a proposta de preços e a planilha de custos e formação de preços a prova do Fator Acidentário de Prevenção – FAP por meio de impressão de consulta ao site do Ministério da Previdência Social (que pode ser obtido no endereço eletrônico http://www2.dataprev.gov.br/fap/fap.htm), independentemente de alteração da alíquota da parcela do Seguro Acidente de Trabalho disposta no Quadro II da referida planilha.
A69: III | B69: Encargos Sociais - Grupo III: Tempo Não Trabalhado | H69: % | I69: Valor Mensal/unidade de serviço (R$)
A70: 1 | B70: FÉRIAS GOZADAS + ADICIONAL DE FÉRIAS | H70: 0.119314 | I70: =$I$55*H70 -> 318.03675
A71: 2 | B71: FALTAS ABONADAS (3) | H71: 0.020479 | I71: =$I$55*H71 -> 54.587682
A72: 3 | B72: FALTAS LEGAIS (4) | H72: 0.012123 | I72: =$I$55*H72 -> 32.314394
A73: 4 | B73: LICENÇA MATERNIDADE | H73: 0.011436 | I73: =$I$55*H73 -> 30.483165
A74: 5 | B74: LICENÇA PATERNIDADE | H74: 0.000174 | I74: =$I$55*H74 -> 0.46380471
A75: 6 | B75: ACIDENTE DE TRABALHO | H75: 0.000442 | I75: =$I$55*H75 -> 1.1781706
A76: 7 | B76: AVISO PRÉVIO TRABALHADO | H76: 0.000185 | I76: =$I$55*H76 -> 0.4931257
A77: 8 | B77: 13º SALÁRIO | H77: 0.09079 | I77: =$I$55*H77 -> 242.00477
A78: Total do Grupo III | H78: =SUM(H70:H77) -> 0.254943 | I78: =SUM(I70:I77) -> 679.56187
A79: (3) | B79: Faltas Justificadas por Auxílio Doença
A80: (4) | B80: Faltas Legais - Art. 473 CLT
A81: IV | B81: Encargos Sociais - Grupo IV: Indenizações | H81: % | I81: Valor Mensal/unidade de serviço (R$)
A82: 1 | B82: INDENIZAÇÕES | H82: 0.048321 | I82: =$I$55*H82 -> 128.80177
A83: 2 | B83: FGTS SOBRE INDENIZAÇÕES | H83: 0.003511 | I83: =$I$55*H83 -> 9.3587261
A84: 3 | B84: INDENIZAÇÃO COMPENSATÓRIA POR DEMISSÃO SEM JUSTA CAUSA | H84: 0.019328 | I84: =$I$55*H84 -> 51.519641
A85: Total do Grupo IV | H85: =SUM(H82:H84) -> 0.07116 | I85: =SUM(I82:I84) -> 189.68013
A87: V | B87: Encargos Sociais - Grupo V: Incidências | H87: % | I87: Valor Mensal/unidade de serviço (R$)
A88: 1 | B88: INCIDÊNCIA GRUPO II (Obrigações Sociais) X GRUPO III (Tempo Não Trabalhado) | H88: =(H66*H78) -> 0.093819024 | I88: =$I$55*H88 -> 250.07877
A89: Total do Grupo V | H89: =SUM(H88:H88) -> 0.093819024 | I89: =I88 -> 250.07877
A91: TOTAL DOS ENCARGOS SOCIAIS (II + III + IV + V) | H91: =H66+H78+H85+H89 -> 0.78792202 | I91: =I66+I78+I85+I89 -> 2100.2411
A93: VI | B93: Demais custos relativos à Norma Coletiva ou Disposições Legais - Grupo VI | H93: % | I93: Valor Mensal/unidade de serviço (R$)
A94: 1 | B94: Auxílio Alimentação | H94: =I94/$I$55 -> 0.12375427 | I94: =I114 -> 329.8725
A95: =A94+1 -> 2 | B95: Auxílio Lanche | H95: =I95/$I$55 -> 0 | I95: =I110 -> 0
A96: =A95+1 -> 3 | B96: Plano de Saúde | H96: =I96/$I$55 -> 0 | I96: 0
A97: =A96+1 -> 4 | B97: Vale-Transporte ⁽⁵⁾ | H97: =I97/$I$55 -> 0.011789337 | I97: =I106 -> 31.425
A98: =A97+1 -> 5 | B98: Adicional Intervalar | H98: =I98/$I$55 -> 0.081580856 | I98: =IF(I28="Não aplicável",0,((I10/H10)*1.5*I28)) -> 217.45739
A99: 6 | B99: Prêmio Assiduidade (quando houver) | H99: =I99/$I$55 -> 0.030012632 | I99: =IF(I21="Não aplicável",0,I21) -> 80
A100: 7 | B100: Plano de Benefício Social Familiar (apenas para a CCT SEEAC/SINDASSEIO) | H100: =I100/$I$55 -> 0.0095740295 | I100: =IF(I22="Não aplicável",0,I22) -> 25.52
A101: 8 | B101: Outros | H101: =I101/$I$55 -> 0 | I101: =IF(I23="Não aplicável",0,I23) -> 0
A102: Total do Grupo VI | H102: =SUM(H94:H101) -> 0.25671113 | I102: =SUM(I94:I101) -> 684.27489
A103: (5) | B103: O valor do vale-transporte pode variar de acordo com o modal fornecido pelo empregador.
A104: MEMÓRIA DE CÁLCULO DO VALE TRANSPORTE
...

Sheet Porteiro - Canoas Noturno
A1: PLANILHA DE CUSTOS E FORMAÇÃO DE PREÇOS DE SERVIÇOS CONTINUADOS COM DEDICAÇÃO EXCLUSIVA DE MÃO DE OBRA (ANEXO III - DECRETOS 52.768 de 15.12.2015 e 54.273 de 10.10.2018)
A2: PROCESSO: | C2: 25/2148-0001140-5 | E2: REGIME DE TRIBUTAÇÃO: LUCRO REAL
A3: LICITAÇÃO/EDITAL | E3: ABERTURA:
A5: Cargo/Função: | D5: Porteiro - Canoas Noturno | G5: =IF(D6="12x36","Regime de trabalho:","Quantidade de HORAS/MÊS") -> Regime de trabalho: | I5: =IF(D6="12x36",D6,5*D6) -> 12x36
A6: =IF(D6="12x36","Regime de trabalho:","Regime de trabalho (horas semanais):") -> Regime de trabalho: | D6: 12x36
A7: Convenção Coletiva de Trabalho: | D7: RS000041/2026 | G7: INSALUBRIDADE (10%, 20%, 40%) | I7: Não aplicável
A8: Origem do salário: | D8: CCT
A9: Cidade: | D9: Canoas | G9: PERICULOSIDADE (30%) | I9: Não aplicável
A10: Salário Normativo | G10: Vlr. do salário e nº de horas correspondentes | H10: 220 | I10: 2126.25
A11: ISS | G11: =D9 -> Canoas | H11: Alíquota | I11: 0.04
A12: Tarifa Transporte | G12: CCT | H12: Vr. Unitário | I12: 0
H13: Dias | I13: 0
H14: Desconto | I14: 0
A15: Vale Alimentação | G15: CCT | H15: Vr. Unitário | I15: 27.15
H16: Dias | I16: 15
H17: Desconto | I17: 0.19
A18: Auxílio Lanche | G18: CCT | H18: Vr. Unitário | I18: 0
H19: Dias | I19: 0
H20: Desconto | I20: 0
A21: Prêmio Assiduidade (quando houver) | G21: CCT | H21: Valor mensal | I21: 80
A22: Plano de Benefício Social Familiar (apenas para a CCT SEEAC/SINDASSEIO) | G22: CCT | H22: Valor mensal | I22: 25.52
A23: Outros benefícios que refletem na planilha de custos, caso constem na CCT | G23: CCT | H23: Valor mensal | I23: Não aplicável
A24: Adicional de Supervisor (37%) | H24: Porcentagem | I24: Não aplicável
A25: Base de cálculo da insalubridade | H25: Valor | I25: =I38 -> 2126.25
A26: Quantitativo de horas trabalhadas em feriados no mês (estimado) - Não aplicável para postos 12x36 | H26: Horas por mês | I26: Não aplicável
H27: Acréscimo da hora extra | I27: Não aplicável
A28: Hora Intervalar (somente para postos 12x36, quando for o caso) | H28: Horas por mês | I28: 15
A29: Sem fornecimento de materiais ou apenas fornecimento de EPIs ou uniformes, utilizar 10%. Com fornecimento de materiais ou equipamentos, utilizar 20%. (Decreto 52.768/2015, alterado pelo Decreto 53.424/2017) | H29: Porcentagem | I29: 0.1
A30: Adicional Noturno: Horas: [(60/52,5) x Nº de horas noturnas diárias] x Nº de dias trabalhados com hora noturna Valor hora: (vlr. do salário/nº de horas correspondente do salário) x Porcentagem do adicionl noturno | G30: CCT | H30: Nº horas | I30: =((60/52.5)*7)*15 -> 120
H31: Vr. Hora | I31: =I10/H10*I32 -> 1.9329545
H32: Porcentagem do adicional noturno | I32: 0.2
A33: Reduzida Noturna Horas Reduzidas: {[(60/52,5) x Nº de horas noturnas diárias] - Nº de horas noturnas diárias} X Nº de dias trabalhados com hora noturna Valor hora: (vlr. do salário/nº de horas correspondente do salário) x 150% (H.Extra) | G33: CCT | H33: Nº horas | I33: =(((60/52.5)*7)-7)*15 -> 15
H34: Vr. Hora | I34: =(I10/H10)*1.5 -> 14.497159
I35: Não aplicável
A36: MONTANTE A
A37: I | B37: Remuneração - Grupo I | H37: % | I37: Valor Mensal/unidade de serviço (R$)
A38: 1 | B38: Salário | H38: =I38/$I$55 -> 0.79767948 | I38: =IF(D6="12x36",I10,I10/H10*I5) -> 2126.25
A39: =A38+1 -> 2 | B39: Adicional Noturno 20% (Ver súmula 60 TST) | H39: =I39/$I$55 -> 0 | I39: 0
A40: =A39+1 -> 3 | B40: Adicional Periculosidade 30% (Ver súmulas 364, 132 e 191 do TST) | H40: =I40/$I$55 -> 0 | I40: =IF(I9=30%,I38*I9,0) -> 0
A41: =A40+1 -> 4 | B41: Adicional Insalubridade 10% (Ver súmula 228 e 139 TST) (1) | H41: =I41/$I$55 -> 0 | I41: =IF(I7=10%,I25*I7,0) -> 0
A42: =A41+1 -> 5 | B42: Adicional Insalubridade 20% (Ver súmula 228 e 139 TST) (1) | H42: =I42/$I$55 -> 0 | I42: =IF(I7=20%,I25*I7,0) -> 0
A43: =A42+1 -> 6 | B43: Adicional Insalubridade 40% (Ver súmula 228 e 139 TST) (1) | H43: =I43/$I$55 -> 0 | I43: =IF(I7=40%,I25*I7,0) -> 0
A44: =A43+1 -> 7 | B44: Adicional de Supervisor (IN 05/2017 MPOG SLTI) | H44: =I44/$I$55 -> 0 | I44: =IF(I24="Não aplicável",0,I38*I24) -> 0
A45: =A44+1 -> 8 | B45: Feriados | H45: =I45/$I$55 -> 0 | I45: =IF(I26="Não aplicável",0,(I38+I39+I40+I41+I42+I43+I44+I54)/I5*I26*(1+I27)) -> 0
A46: =A45+1 -> 9 | B46: DSR = número total das horas extras do mês / número de dias úteis X domingos e feriados do mês X valor da hora extra com acréscimo | H46: =I46/$I$55 -> 0 | I46: =IF(I26="Não aplicável",0,I26/I13*5*(I10/H10*(1+I27))) -> 0
A47: =A46+1 -> 10 | B47: Reduzida Noturna | H47: =I47/$I$55 -> 0.081580856 | I47: =I33*I34 -> 217.45739
A48: =A47+1 -> 11 | B48: Adicional de insalubridade sobre Reduzida Noturna | H48: =I48/$I$55 -> 0 | I48: =IF(OR(I7=10%,I7=20%,I7=40%),I47*I7,0) -> 0
A49: =A48+1 -> 12 | B49: Adicional de periculosidade sobre Reduzida Noturna | H49: =I49/$I$55 -> 0 | I49: =IF(I9=30%,I47*I9,0) -> 0
A50: =A49+1 -> 13 | B50: Adicional Noturno | H50: =I50/$I$55 -> 0.087019579 | I50: =I30*I31 -> 231.95455
A51: =A50+1 -> 14 | B51: Adicional de insalubridade sobre o Adicional Noturno | H51: =I51/$I$55 -> 0 | I51: =IF(OR(I7=10%,I7=20%,I7=40%),I50*I7,0) -> 0
A52: =A51+1 -> 15 | B52: Adicional de periculosidade sobre o Adicional Noturno | H52: =I52/$I$55 -> 0 | I52: =IF(I9=30%,I50*I9,0) -> 0
A53: =A52+1 -> 16 | B53: Integração RSRF (20%) sobre H. Extra Red. Noturna e Adic Noturno = [Reduzida Noturna + Adic. Noturno]*[Descanso Semanal Remunerado] (20%) | H53: =I53/$I$55 -> 0.033720087 | I53: =(I47+I50)*0.2 -> 89.882386
A54: =A53+1 -> 17 | B54: =IF(D6="12x36","Para postos 12x36 os feriados são considerados compensados, conforme parágrafo único, Art. 59-A da CLT","Outros") -> Para postos 12x36 os feriados são considerados compensados, conforme parágrafo único, Art. 59-A da CLT | H54: =I54/$I$55 -> 0 | I54: 0
A55: Total de Remuneração | H55: =SUM(H38:H54) -> 1 | I55: =SUM(I38:I54) -> 2665.5443
A56: (1) | B56: Para posto de trabalho que tenha a necessidade de pagamento de adicional de insalubridade, a planilha de custos irá prever o salário proporcional como base de cálculo da insalubridade, conforme Pareceres da PGE nº 21.858/26 e 18.200/2020 e Promoção da PGE disposta no processo administrativo nº 20/2000-0034874-2. Porém, será permitida à licitante a alteração da base de cálculo na planilha de custos para que seja previsto o salário normativo do cargo ou o salário mínimo nacional (o que se aplicar mais benéfico). Uma vez caracterizada a condição insalubre, deve a empresa contratada pagar ao empregado o respectivo adicional na sua integralidade, independentemente da jornada de trabalho do empregado.
A57: II | B57: Encargos Sociais - Grupo II: Obrigações Sociais | H57: % | I57: Valor Mensal/unidade de serviço (R$)
A58: 1 | B58: INSS (art. 22, inc. I, Lei nº 8.212/91) | H58: 0.2 | I58: =$I$55*H58 -> 533.10886
A59: 2 | B59: SESI ou SESC (art. 30, Lei nº 8.036/90) | H59: 0.015 | I59: =$I$55*H59 -> 39.983165
A60: 3 | B60: SENAI ou SENAC (Decreto-Lei nº 2.318/86) | H60: 0.01 | I60: =$I$55*H60 -> 26.655443
A61: 4 | B61: INCRA (art. 15I, Lei Complementar nº 011/71) | H61: 0.002 | I61: =$I$55*H61 -> 5.3310886
A62: 5 | B62: SALÁRIO EDUCAÇÃO (art. , inc. I, Decreto nº 87.043/82) | H62: 0.025 | I62: =$I$55*H62 -> 66.638608
A63: 6 | B63: FGTS (art. 15, Lei nº 8.036/90) | H63: 0.08 | I63: =$I$55*H63 -> 213.24355
A64: 7 | B64: SEG. ACIDENTE DO TRABALHO 1%, 2% e 3% (art. 22, inc. II, alíneas "b" e "c", da Lei nº 8.212/91) (2) | H64: 0.03 | I64: =$I$55*H64 -> 79.96633
A65: 8 | B65: SEBRAE (§ 3º, art. 8º, Lei nº 8.029/90) | H65: 0.006 | I65: =$I$55*H65 -> 15.993266
A66: Total do Grupo II | H66: =SUM(H58:H65) -> 0.368 | I66: =SUM(I58:I65) -> 980.92031
A67: (2) | B67: Os percentuais para o SAT podem variar de 0,50% a 6,00% em função do Fator de Acidente Previdenciário (FAP), Decreto nº 6.957/2009
B68: Deverá obrigatoriamente acompanhar a proposta de preços e a planilha de custos e formação de preços a prova do Fator Acidentário de Prevenção – FAP por meio de impressão de consulta ao site do Ministério da Previdência Social (que pode ser obtido no endereço eletrônico http://www2.dataprev.gov.br/fap/fap.htm), independentemente de alteração da alíquota da parcela do Seguro Acidente de Trabalho disposta no Quadro II da referida planilha.
A69: III | B69: Encargos Sociais - Grupo III: Tempo Não Trabalhado | H69: % | I69: Valor Mensal/unidade de serviço (R$)
A70: 1 | B70: FÉRIAS GOZADAS + ADICIONAL DE FÉRIAS | H70: 0.119314 | I70: =$I$55*H70 -> 318.03675
A71: 2 | B71: FALTAS ABONADAS (3) | H71: 0.020479 | I71: =$I$55*H71 -> 54.587682
A72: 3 | B72: FALTAS LEGAIS (4) | H72: 0.012123 | I72: =$I$55*H72 -> 32.314394
A73: 4 | B73: LICENÇA MATERNIDADE | H73: 0.011436 | I73: =$I$55*H73 -> 30.483165
A74: 5 | B74: LICENÇA PATERNIDADE | H74: 0.000174 | I74: =$I$55*H74 -> 0.46380471
A75: 6 | B75: ACIDENTE DE TRABALHO | H75: 0.000442 | I75: =$I$55*H75 -> 1.1781706
A76: 7 | B76: AVISO PRÉVIO TRABALHADO | H76: 0.000185 | I76: =$I$55*H76 -> 0.4931257
A77: 8 | B77: 13º SALÁRIO | H77: 0.09079 | I77: =$I$55*H77 -> 242.00477
A78: Total do Grupo III | H78: =SUM(H70:H77) -> 0.254943 | I78: =SUM(I70:I77) -> 679.56187
A79: (3) | B79: Faltas Justificadas por Auxílio Doença
A80: (4) | B80: Faltas Legais - Art. 473 CLT
A81: IV | B81: Encargos Sociais - Grupo IV: Indenizações | H81: % | I81: Valor Mensal/unidade de serviço (R$)
A82: 1 | B82: INDENIZAÇÕES | H82: 0.048321 | I82: =$I$55*H82 -> 128.80177
A83: 2 | B83: FGTS SOBRE INDENIZAÇÕES | H83: 0.003511 | I83: =$I$55*H83 -> 9.3587261
A84: 3 | B84: INDENIZAÇÃO COMPENSATÓRIA POR DEMISSÃO SEM JUSTA CAUSA | H84: 0.019328 | I84: =$I$55*H84 -> 51.519641
A85: Total do Grupo IV | H85: =SUM(H82:H84) -> 0.07116 | I85: =SUM(I82:I84) -> 189.68013
A87: V | B87: Encargos Sociais - Grupo V: Incidências | H87: % | I87: Valor Mensal/unidade de serviço (R$)
A88: 1 | B88: INCIDÊNCIA GRUPO II (Obrigações Sociais) X GRUPO III (Tempo Não Trabalhado) | H88: =(H66*H78) -> 0.093819024 | I88: =$I$55*H88 -> 250.07877
A89: Total do Grupo V | H89: =SUM(H88:H88) -> 0.093819024 | I89: =I88 -> 250.07877
A91: TOTAL DOS ENCARGOS SOCIAIS (II + III + IV + V) | H91: =H66+H78+H85+H89 -> 0.78792202 | I91: =I66+I78+I85+I89 -> 2100.2411
A93: VI | B93: Demais custos relativos à Norma Coletiva ou Disposições Legais - Grupo VI | H93: % | I93: Valor Mensal/unidade de serviço (R$)
A94: 1 | B94: Auxílio Alimentação | H94: =I94/$I$55 -> 0.12375427 | I94: =I114 -> 329.8725
A95: =A94+1 -> 2 | B95: Auxílio Lanche | H95: =I95/$I$55 -> 0 | I95: =I110 -> 0
A96: =A95+1 -> 3 | B96: Plano de Saúde | H96: =I96/$I$55 -> 0 | I96: 0
A97: =A96+1 -> 4 | B97: Vale-Transporte ⁽⁵⁾ | H97: =I97/$I$55 -> 0 | I97: =I106 -> 0
A98: =A97+1 -> 5 | B98: Adicional Intervalar | H98: =I98/$I$55 -> 0.081580856 | I98: =IF(I28="Não aplicável",0,((I10/H10)*1.5*I28)) -> 217.45739
A99: 6 | B99: Prêmio Assiduidade (quando houver) | H99: =I99/$I$55 -> 0.030012632 | I99: =IF(I21="Não aplicável",0,I21) -> 80
A100: 7 | B100: Plano de Benefício Social Familiar (apenas para a CCT SEEAC/SINDASSEIO) | H100: =I100/$I$55 -> 0.0095740295 | I100: =IF(I22="Não aplicável",0,I22) -> 25.52
A101: 8 | B101: Outros | H101: =I101/$I$55 -> 0 | I101: =IF(I23="Não aplicável",0,I23) -> 0
A102: Total do Grupo VI | H102: =SUM(H94:H101) -> 0.24492179 | I102: =SUM(I94:I101) -> 652.84989
A103: (5) | B103: O valor do vale-transporte pode variar de acordo com o modal fornecido pelo empregador.
A104: MEMÓRIA DE CÁLCULO DO VALE TRANSPORTE
...

Sheet Porteiro - Taquari Noturno
A1: PLANILHA DE CUSTOS E FORMAÇÃO DE PREÇOS DE SERVIÇOS CONTINUADOS COM DEDICAÇÃO EXCLUSIVA DE MÃO DE OBRA (ANEXO III - DECRETOS 52.768 de 15.12.2015 e 54.273 de 10.10.2018)
A2: PROCESSO: | C2: 25/2148-0001140-5 | E2: REGIME DE TRIBUTAÇÃO: LUCRO REAL
A3: LICITAÇÃO/EDITAL | E3: ABERTURA:
A5: Cargo/Função: | D5: Porteiro - Taquari Noturno | G5: =IF(D6="12x36","Regime de trabalho:","Quantidade de HORAS/MÊS") -> Regime de trabalho: | I5: =IF(D6="12x36",D6,5*D6) -> 12x36
A6: =IF(D6="12x36","Regime de trabalho:","Regime de trabalho (horas semanais):") -> Regime de trabalho: | D6: 12x36
A7: Convenção Coletiva de Trabalho: | D7: RS000095/2026 | G7: INSALUBRIDADE (10%, 20%, 40%) | I7: Não aplicável
A8: Origem do salário: | D8: CCT
A9: Cidade: | D9: Taquari | G9: PERICULOSIDADE (30%) | I9: Não aplicável
A10: Salário Normativo | G10: Vlr. do salário e nº de horas correspondentes | H10: 220 | I10: 2126.25
A11: ISS | G11: =D9 -> Taquari | H11: Alíquota | I11: 0.02
A12: Tarifa Transporte | G12: CCT | H12: Vr. Unitário | I12: 5
H13: Dias | I13: 15
H14: Desconto | I14: 0.06
A15: Vale Alimentação | G15: CCT | H15: Vr. Unitário | I15: 27.15
H16: Dias | I16: 15
H17: Desconto | I17: 0.19
A18: Auxílio Lanche | G18: CCT | H18: Vr. Unitário | I18: 0
H19: Dias | I19: 0
H20: Desconto | I20: 0
A21: Prêmio Assiduidade (quando houver) | G21: CCT | H21: Valor mensal | I21: 80
A22: Plano de Benefício Social Familiar (apenas para a CCT SEEAC/SINDASSEIO) | G22: CCT | H22: Valor mensal | I22: 25.52
A23: Outros benefícios que refletem na planilha de custos, caso constem na CCT | G23: CCT | H23: Valor mensal | I23: Não aplicável
A24: Adicional de Supervisor (37%) | H24: Porcentagem | I24: Não aplicável
A25: Base de cálculo da insalubridade | H25: Valor | I25: =I38 -> 2126.25
A26: Quantitativo de horas trabalhadas em feriados no mês (estimado) - Não aplicável para postos 12x36 | H26: Horas por mês | I26: Não aplicável
H27: Acréscimo da hora extra | I27: Não aplicável
A28: Hora Intervalar (somente para postos 12x36, quando for o caso) | H28: Horas por mês | I28: 15
A29: Sem fornecimento de materiais ou apenas fornecimento de EPIs ou uniformes, utilizar 10%. Com fornecimento de materiais ou equipamentos, utilizar 20%. (Decreto 52.768/2015, alterado pelo Decreto 53.424/2017) | H29: Porcentagem | I29: 0.1
A30: Adicional Noturno: Horas: [(60/52,5) x Nº de horas noturnas diárias] x Nº de dias trabalhados com hora noturna Valor hora: (vlr. do salário/nº de horas correspondente do salário) x Porcentagem do adicionl noturno | G30: CCT | H30: Nº horas | I30: =((60/52.5)*7)*15 -> 120
H31: Vr. Hora | I31: =I10/H10*I32 -> 1.9329545
H32: Porcentagem do adicional noturno | I32: 0.2
A33: Reduzida Noturna Horas Reduzidas: {[(60/52,5) x Nº de horas noturnas diárias] - Nº de horas noturnas diárias} X Nº de dias trabalhados com hora noturna Valor hora: (vlr. do salário/nº de horas correspondente do salário) x 150% (H.Extra) | G33: CCT | H33: Nº horas | I33: =(((60/52.5)*7)-7)*15 -> 15
H34: Vr. Hora | I34: =(I10/H10)*1.5 -> 14.497159
I35: Não aplicável
A36: MONTANTE A
A37: I | B37: Remuneração - Grupo I | H37: % | I37: Valor Mensal/unidade de serviço (R$)
A38: 1 | B38: Salário | H38: =I38/$I$55 -> 0.79767948 | I38: =IF(D6="12x36",I10,I10/H10*I5) -> 2126.25
A39: =A38+1 -> 2 | B39: Adicional Noturno 20% (Ver súmula 60 TST) | H39: =I39/$I$55 -> 0 | I39: 0
A40: =A39+1 -> 3 | B40: Adicional Periculosidade 30% (Ver súmulas 364, 132 e 191 do TST) | H40: =I40/$I$55 -> 0 | I40: =IF(I9=30%,I38*I9,0) -> 0
A41: =A40+1 -> 4 | B41: Adicional Insalubridade 10% (Ver súmula 228 e 139 TST) (1) | H41: =I41/$I$55 -> 0 | I41: =IF(I7=10%,I25*I7,0) -> 0
A42: =A41+1 -> 5 | B42: Adicional Insalubridade 20% (Ver súmula 228 e 139 TST) (1) | H42: =I42/$I$55 -> 0 | I42: =IF(I7=20%,I25*I7,0) -> 0
A43: =A42+1 -> 6 | B43: Adicional Insalubridade 40% (Ver súmula 228 e 139 TST) (1) | H43: =I43/$I$55 -> 0 | I43: =IF(I7=40%,I25*I7,0) -> 0
A44: =A43+1 -> 7 | B44: Adicional de Supervisor (IN 05/2017 MPOG SLTI) | H44: =I44/$I$55 -> 0 | I44: =IF(I24="Não aplicável",0,I38*I24) -> 0
A45: =A44+1 -> 8 | B45: Feriados | H45: =I45/$I$55 -> 0 | I45: =IF(I26="Não aplicável",0,(I38+I39+I40+I41+I42+I43+I44+I54)/I5*I26*(1+I27)) -> 0
A46: =A45+1 -> 9 | B46: DSR = número total das horas extras do mês / número de dias úteis X domingos e feriados do mês X valor da hora extra com acréscimo | H46: =I46/$I$55 -> 0 | I46: =IF(I26="Não aplicável",0,I26/I13*5*(I10/H10*(1+I27))) -> 0
A47: =A46+1 -> 10 | B47: Reduzida Noturna | H47: =I47/$I$55 -> 0.081580856 | I47: =I33*I34 -> 217.45739
A48: =A47+1 -> 11 | B48: Adicional de insalubridade sobre Reduzida Noturna | H48: =I48/$I$55 -> 0 | I48: =IF(OR(I7=10%,I7=20%,I7=40%),I47*I7,0) -> 0
A49: =A48+1 -> 12 | B49: Adicional de periculosidade sobre Reduzida Noturna | H49: =I49/$I$55 -> 0 | I49: =IF(I9=30%,I47*I9,0) -> 0
A50: =A49+1 -> 13 | B50: Adicional Noturno | H50: =I50/$I$55 -> 0.087019579 | I50: =I30*I31 -> 231.95455
A51: =A50+1 -> 14 | B51: Adicional de insalubridade sobre o Adicional Noturno | H51: =I51/$I$55 -> 0 | I51: =IF(OR(I7=10%,I7=20%,I7=40%),I50*I7,0) -> 0
A52: =A51+1 -> 15 | B52: Adicional de periculosidade sobre o Adicional Noturno | H52: =I52/$I$55 -> 0 | I52: =IF(I9=30%,I50*I9,0) -> 0
A53: =A52+1 -> 16 | B53: Integração RSRF (20%) sobre H. Extra Red. Noturna e Adic Noturno = [Reduzida Noturna + Adic. Noturno]*[Descanso Semanal Remunerado] (20%) | H53: =I53/$I$55 -> 0.033720087 | I53: =(I47+I50)*0.2 -> 89.882386
A54: =A53+1 -> 17 | B54: =IF(D6="12x36","Para postos 12x36 os feriados são considerados compensados, conforme parágrafo único, Art. 59-A da CLT","Outros") -> Para postos 12x36 os feriados são considerados compensados, conforme parágrafo único, Art. 59-A da CLT | H54: =I54/$I$55 -> 0 | I54: 0
A55: Total de Remuneração | H55: =SUM(H38:H54) -> 1 | I55: =SUM(I38:I54) -> 2665.5443
A56: (1) | B56: Para posto de trabalho que tenha a necessidade de pagamento de adicional de insalubridade, a planilha de custos irá prever o salário proporcional como base de cálculo da insalubridade, conforme Pareceres da PGE nº 21.858/26 e 18.200/2020 e Promoção da PGE disposta no processo administrativo nº 20/2000-0034874-2. Porém, será permitida à licitante a alteração da base de cálculo na planilha de custos para que seja previsto o salário normativo do cargo ou o salário mínimo nacional (o que se aplicar mais benéfico). Uma vez caracterizada a condição insalubre, deve a empresa contratada pagar ao empregado o respectivo adicional na sua integralidade, independentemente da jornada de trabalho do empregado.
A57: II | B57: Encargos Sociais - Grupo II: Obrigações Sociais | H57: % | I57: Valor Mensal/unidade de serviço (R$)
A58: 1 | B58: INSS (art. 22, inc. I, Lei nº 8.212/91) | H58: 0.2 | I58: =$I$55*H58 -> 533.10886
A59: 2 | B59: SESI ou SESC (art. 30, Lei nº 8.036/90) | H59: 0.015 | I59: =$I$55*H59 -> 39.983165
A60: 3 | B60: SENAI ou SENAC (Decreto-Lei nº 2.318/86) | H60: 0.01 | I60: =$I$55*H60 -> 26.655443
A61: 4 | B61: INCRA (art. 15I, Lei Complementar nº 011/71) | H61: 0.002 | I61: =$I$55*H61 -> 5.3310886
A62: 5 | B62: SALÁRIO EDUCAÇÃO (art. , inc. I, Decreto nº 87.043/82) | H62: 0.025 | I62: =$I$55*H62 -> 66.638608
A63: 6 | B63: FGTS (art. 15, Lei nº 8.036/90) | H63: 0.08 | I63: =$I$55*H63 -> 213.24355
A64: 7 | B64: SEG. ACIDENTE DO TRABALHO 1%, 2% e 3% (art. 22, inc. II, alíneas "b" e "c", da Lei nº 8.212/91) (2) | H64: 0.03 | I64: =$I$55*H64 -> 79.96633
A65: 8 | B65: SEBRAE (§ 3º, art. 8º, Lei nº 8.029/90) | H65: 0.006 | I65: =$I$55*H65 -> 15.993266
A66: Total do Grupo II | H66: =SUM(H58:H65) -> 0.368 | I66: =SUM(I58:I65) -> 980.92031
A67: (2) | B67: Os percentuais para o SAT podem variar de 0,50% a 6,00% em função do Fator de Acidente Previdenciário (FAP), Decreto nº 6.957/2009
B68: Deverá obrigatoriamente acompanhar a proposta de preços e a planilha de custos e formação de preços a prova do Fator Acidentário de Prevenção – FAP por meio de impressão de consulta ao site do Ministério da Previdência Social (que pode ser obtido no endereço eletrônico http://www2.dataprev.gov.br/fap/fap.htm), independentemente de alteração da alíquota da parcela do Seguro Acidente de Trabalho disposta no Quadro II da referida planilha.
A69: III | B69: Encargos Sociais - Grupo III: Tempo Não Trabalhado | H69: % | I69: Valor Mensal/unidade de serviço (R$)
A70: 1 | B70: FÉRIAS GOZADAS + ADICIONAL DE FÉRIAS | H70: 0.119314 | I70: =$I$55*H70 -> 318.03675
A71: 2 | B71: FALTAS ABONADAS (3) | H71: 0.020479 | I71: =$I$55*H71 -> 54.587682
A72: 3 | B72: FALTAS LEGAIS (4) | H72: 0.012123 | I72: =$I$55*H72 -> 32.314394
A73: 4 | B73: LICENÇA MATERNIDADE | H73: 0.011436 | I73: =$I$55*H73 -> 30.483165
A74: 5 | B74: LICENÇA PATERNIDADE | H74: 0.000174 | I74: =$I$55*H74 -> 0.46380471
A75: 6 | B75: ACIDENTE DE TRABALHO | H75: 0.000442 | I75: =$I$55*H75 -> 1.1781706
A76: 7 | B76: AVISO PRÉVIO TRABALHADO | H76: 0.000185 | I76: =$I$55*H76 -> 0.4931257
A77: 8 | B77: 13º SALÁRIO | H77: 0.09079 | I77: =$I$55*H77 -> 242.00477
A78: Total do Grupo III | H78: =SUM(H70:H77) -> 0.254943 | I78: =SUM(I70:I77) -> 679.56187
A79: (3) | B79: Faltas Justificadas por Auxílio Doença
A80: (4) | B80: Faltas Legais - Art. 473 CLT
A81: IV | B81: Encargos Sociais - Grupo IV: Indenizações | H81: % | I81: Valor Mensal/unidade de serviço (R$)
A82: 1 | B82: INDENIZAÇÕES | H82: 0.048321 | I82: =$I$55*H82 -> 128.80177
A83: 2 | B83: FGTS SOBRE INDENIZAÇÕES | H83: 0.003511 | I83: =$I$55*H83 -> 9.3587261
A84: 3 | B84: INDENIZAÇÃO COMPENSATÓRIA POR DEMISSÃO SEM JUSTA CAUSA | H84: 0.019328 | I84: =$I$55*H84 -> 51.519641
A85: Total do Grupo IV | H85: =SUM(H82:H84) -> 0.07116 | I85: =SUM(I82:I84) -> 189.68013
A87: V | B87: Encargos Sociais - Grupo V: Incidências | H87: % | I87: Valor Mensal/unidade de serviço (R$)
A88: 1 | B88: INCIDÊNCIA GRUPO II (Obrigações Sociais) X GRUPO III (Tempo Não Trabalhado) | H88: =(H66*H78) -> 0.093819024 | I88: =$I$55*H88 -> 250.07877
A89: Total do Grupo V | H89: =SUM(H88:H88) -> 0.093819024 | I89: =I88 -> 250.07877
A91: TOTAL DOS ENCARGOS SOCIAIS (II + III + IV + V) | H91: =H66+H78+H85+H89 -> 0.78792202 | I91: =I66+I78+I85+I89 -> 2100.2411
A93: VI | B93: Demais custos relativos à Norma Coletiva ou Disposições Legais - Grupo VI | H93: % | I93: Valor Mensal/unidade de serviço (R$)
A94: 1 | B94: Auxílio Alimentação | H94: =I94/$I$55 -> 0.12375427 | I94: =I114 -> 329.8725
A95: =A94+1 -> 2 | B95: Auxílio Lanche | H95: =I95/$I$55 -> 0 | I95: =I110 -> 0
A96: =A95+1 -> 3 | B96: Plano de Saúde | H96: =I96/$I$55 -> 0 | I96: 0
A97: =A96+1 -> 4 | B97: Vale-Transporte ⁽⁵⁾ | H97: =I97/$I$55 -> 0.0084129158 | I97: =I106 -> 22.425
A98: =A97+1 -> 5 | B98: Adicional Intervalar | H98: =I98/$I$55 -> 0.081580856 | I98: =IF(I28="Não aplicável",0,((I10/H10)*1.5*I28)) -> 217.45739
A99: 6 | B99: Prêmio Assiduidade (quando houver) | H99: =I99/$I$55 -> 0.030012632 | I99: =IF(I21="Não aplicável",0,I21) -> 80
A100: 7 | B100: Plano de Benefício Social Familiar (apenas para a CCT SEEAC/SINDASSEIO) | H100: =I100/$I$55 -> 0.0095740295 | I100: =IF(I22="Não aplicável",0,I22) -> 25.52
A101: 8 | B101: Outros | H101: =I101/$I$55 -> 0 | I101: =IF(I23="Não aplicável",0,I23) -> 0
A102: Total do Grupo VI | H102: =SUM(H94:H101) -> 0.25333471 | I102: =SUM(I94:I101) -> 675.27489
A103: (5) | B103: O valor do vale-transporte pode variar de acordo com o modal fornecido pelo empregador.
A104: MEMÓRIA DE CÁLCULO DO VALE TRANSPORTE
...

Sheet Resumo
A1: Função | B1: Cidade | C1: Carga Horária | D1: Dias da semana | E1: Nº de Postos | F1: Valor unitário mensal de MATERIAL/EQUIPAMENTO | G1: Valor total mensal de MATERIAL/EQUIPAMENTO | H1: Valor unitário mensal de retenção para a CONTA VINCULADA | I1: Valor total mensal de retenção para a CONTA VINCULADA | J1: Valor unitário mensal do posto | K1: Valor total mensal do posto
A2: LOTE 1 - Porteiro - POA Diurno | B2: Porto Alegre | C2: 12x36 | D2: Segunda a Domingo, inclusive feriados e pontos facultativos | E2: 8 | F2: =OFFSET(INDIRECT(SUBSTITUTE(_xlfn.FORMULATEXT(J2),"=","")), -6, 0) -> 0 | G2: =F2*E2 -> 0 | H2: =OFFSET(INDIRECT(SUBSTITUTE(_xlfn.FORMULATEXT(J2),"=","")), -3, 0) -> 1637.307 | I2: =H2*E2 -> 13098.456 | J2: ='Porteiro - POA Diurno'!I196 -> 10166.219 | K2: =E2*J2 -> 81329.751
A3: LOTE 1 - Porteiro - Canoas Diurno | B3: Canoas | C3: 12x37 | D3: Segunda a Domingo, inclusive feriados e pontos facultativos | E3: 1 | F3: =OFFSET(INDIRECT(SUBSTITUTE(_xlfn.FORMULATEXT(J3),"=","")), -6, 0) -> 0 | G3: =F3*E3 -> 0 | H3: =OFFSET(INDIRECT(SUBSTITUTE(_xlfn.FORMULATEXT(J2),"=","")), -3, 0) -> 1637.307 | I3: =H3*E3 -> 1637.307 | J3: ='Porteiro - Canoas Diurno'!I196 -> 10269.554 | K3: =E3*J3 -> 10269.554
A4: LOTE 1 - Porteiro Taquari Diurno | B4: Taquari | C4: 12x36 | D4: Segunda a Domingo, inclusive feriados e pontos facultativos | E4: 1 | F4: =OFFSET(INDIRECT(SUBSTITUTE(_xlfn.FORMULATEXT(J4),"=","")), -6, 0) -> 0 | G4: =F4*E4 -> 0 | H4: =OFFSET(INDIRECT(SUBSTITUTE(_xlfn.FORMULATEXT(J4),"=","")), -3, 0) -> 1637.307 | I4: =H4*E4 -> 1637.307 | J4: ='Porteiro - Taquari Diurno'!I196 -> 10088.663 | K4: =E4*J4 -> 10088.663
A5: LOTE 1 - Porteiro POA Noturno | B5: Porto Alegre | C5: 12x36 | D5: Segunda a Domingo, inclusive feriados e pontos facultativos | E5: 6 | F5: =OFFSET(INDIRECT(SUBSTITUTE(_xlfn.FORMULATEXT(J5),"=","")), -6, 0) -> 0 | G5: =F5*E5 -> 0 | H5: =OFFSET(INDIRECT(SUBSTITUTE(_xlfn.FORMULATEXT(J5),"=","")), -3, 0) -> 2052.5876 | I5: =H5*E5 -> 12315.526 | J5: ='Porteiro - POA Noturno'!I196 -> 12351.411 | K5: =E5*J5 -> 74108.468
A6: LOTE 1 - Porteiro Canoas Noturno | B6: Canoas | C6: 12x37 | D6: Segunda a Domingo, inclusive feriados e pontos facultativos | E6: 1 | F6: =OFFSET(INDIRECT(SUBSTITUTE(_xlfn.FORMULATEXT(J6),"=","")), -6, 0) -> 0 | G6: =F6*E6 -> 0 | H6: =OFFSET(INDIRECT(SUBSTITUTE(_xlfn.FORMULATEXT(J6),"=","")), -3, 0) -> 2052.5876 | I6: =H6*E6 -> 2052.5876 | J6: ='Porteiro - Canoas Noturno'!I196 -> 12492.531 | K6: =E6*J6 -> 12492.531
A7: LOTE 1 - Porteiro Taquari Noturno | B7: Taquari | C7: 12x36 | D7: Segunda a Domingo, inclusive feriados e pontos facultativos | E7: 1 | F7: =OFFSET(INDIRECT(SUBSTITUTE(_xlfn.FORMULATEXT(J7),"=","")), -6, 0) -> 0 | G7: =F7*E7 -> 0 | H7: =OFFSET(INDIRECT(SUBSTITUTE(_xlfn.FORMULATEXT(J7),"=","")), -3, 0) -> 2052.5876 | I7: =H7*E7 -> 2052.5876 | J7: ='Porteiro - Taquari Noturno'!I196 -> 12261.544 | K7: =E7*J7 -> 12261.544
A9: TOTAL DE POSTOS: | E9: =SUM(E2:E7) -> 18 | F9: VALOR TOTAL MENSAL DE MATERIAIS/EQUIPAMENTOS: | G9: =SUM(G2:G7) -> 0 | H9: VALOR MENSAL PARA RETENÇÃO EM CONTA VINCULADA: | I9: =SUM(I2:I7) -> 32793.772 | J9: PORCENTAGEM CORRESPONDENTE EM RELAÇÃO AO VALOR TOTAL PARA RETENÇÃO EM CONTA VINCULADA: | K9: =I9/K11 -> 0.16351876
A11: VALOR GLOBAL MENSAL: | K11: =SUM(K2:K7) -> 200550.51
